 Dungeon Crawl Stone Soup version 0.29.0-4-gdea44cf6ec (webtiles) character file.

Game seed: 10911038862962355076

219282 qw the Peltast (level 18, 0/195 HPs)
             Began as a Minotaur Berserker on Sept 5, 2022.
             Was a High Priest of Trog.
             Slain by a deep troll (2 damage)
             ... led by an ironbound preserver
             ... on level 2 of the Vaults.
             The game lasted 00:14:32 (45199 turns).

qw the Peltast (Minotaur Berserker)                Turns: 45199, Time: 00:14:32

Health: 0/195      AC: 38    Str: 28    XL:     18   Next: 44%
Magic:  17/17      EV: 10    Int:  2    God:    Trog [*****.]
Gold:   2190       SH: 26    Dex: 12    Spells: 17/17 levels left

rFire   + + .      SeeInvis +   c - +1 broad axe (spect)
rCold   . . .      Faith    .   b - +0 tower shield
rNeg    + . .      Spirit   .   g - +5 plate armour
rPois   .          Reflect  +   (helmet restricted)
rElec   .          Harm     .   h - +2 cloak
rCorr   .          Rampage  .   m - +2 pair of gloves of the Onion {Int+2}
Will    ++...                   n - +2 pair of boots
Stlth   ..........              v - amulet of reflection
HPRegen 0.42/turn               r - +4 ring of protection
MPRegen 0.15/turn               k - ring of Jyasew {rF+ rN+ Will+ Int-4 SInv}

@: about to teleport, on berserk cooldown, slowed, very slow
A: horns 2, retaliatory headbutt, fire resistance 1, robust 1
}: 1/15 runes: gossamer
a: Renounce Religion, Berserk, Trog's Hand, Brothers in Arms


You were on level 2 of the Vaults.
You worshipped Trog.
Trog was extremely pleased with you.
You visited 6 branches of the dungeon, and saw 31 of its levels.

You collected 4261 gold pieces.
You spent 2071 gold pieces at shops.


Innate Abilities, Weirdness & Mutations

You have a pair of horns on your head.
You reflexively headbutt those who attack you in melee.
Your flesh is heat resistant. (rF+)
You are robust. (+10% HP)


   Skills:
 + Level 19.7 Fighting
 - Level 18.0 Axes
 - Level 11.0 Throwing
 - Level 18.0 Armour
 - Level 9.0 Dodging
 - Level 20.3 Shields


You had 17 spell levels left.
You didn't know any spells.
Your spell library was empty.

Inventory:

Hand Weapons
 c - a +1 spectral broad axe (weapon)
Missiles
 s - 2 boomerangs (quivered)
Armour
 b - a +0 tower shield (worn)
 g - a +5 plate armour (worn)
 h - a +2 cloak (worn)
 m - the +2 pair of gloves of the Onion (worn) {Int+2}
   (You acquired it on level 10 of the Dungeon)

   Int:       It affects your intelligence (+2).
 n - a +2 pair of boots (worn)
 t - +0 fire dragon scales
 z - the +3 Mad Mage's Maulers {Infuse+∞ RegenMP Int-3}
   (You found it on level 4 of the Spider Nest)

   It empowers its wearer's blows with all of their magic.
   It causes its wearer's magical reserves to regenerate more quickly.
   Int:       It affects your intelligence (-3).
Jewellery
 d - a ring of protection from fire
 k - the ring of Jyasew (right hand) {rF+ rN+ Will+ Int-4 SInv}
   (You found it on level 5 of the Lair of Beasts)

   [ring of see invisible]

   Int:       It affects your intelligence (-4).
   rF:        It protects you from fire.
   rN:        It protects you from negative energy.
   SInv:      It lets you see invisible.
   Will:      It increases your willpower.
 r - a +4 ring of protection (left hand)
 v - an amulet of reflection (around neck)
 Y - a +6 ring of strength
Scrolls
 j - 18 scrolls of identify
Potions
 a - a potion of heal wounds
 f - 7 potions of might
 i - 5 potions of mutation
 l - 15 potions of curing
 o - 4 potions of haste
 q - 2 potions of cancellation

Dungeon Overview and Level Annotations

Branches:
Dungeon (15/15)            Temple (0/1) D:6            Lair (5/5) D:10
  Swamp (3/4) Lair:2       Spider (4/4) Lair:2        Slime (0/5) Lair:4
    Orc (2/2) D:12            Elf (0/3) Orc:2        Vaults (2/5) D:14
 Depths (0/4) D:15
  Crypt: Vaults:2-3

Altars:
Ashenzari
Elyvilon
Gozag
Okawaru
Trog
Wu Jian
Xom
Yredelemnul
Zin
Jiyva

Shops:
D:4 (   D:5 :*(=   D:6 =   D:10 ?   Orc:2 *=**=

Annotations:
D:15 3 runed translucent doors
Swamp:2 1 runed translucent door
Swamp:3 1 runed translucent door, qw's ghost, adept TrCA
Spider:4 1 runed translucent door, qw's ghost, adept MiBe


Message History

You block the ironbound preserver's attack.
You block the deep troll's attack. x2
The deep troll claws you but does no damage.
Your ogre hits the ironbound preserver with a +0 giant club!!!
You hit the ironbound preserver.
The ironbound preserver is heavily wounded.
You hit the deep troll.
Your ogre barely misses the ironbound preserver.
The ironbound preserver gestures wildly while chanting.
The ironbound preserver is healed somewhat.
You block the deep troll's attack.
The deep troll claws you but does no damage. x2
You slash the ironbound preserver!
The ironbound preserver is heavily wounded.
You closely miss the deep troll.
Your ogre hits the ironbound preserver with a +0 giant club!!
The ironbound preserver hits your ogre with a +2 great mace of protection!!
You block the deep troll's attack.
The deep troll claws you but does no damage.
You block the deep troll's attack.
The deep troll bites you but does no damage.
You block the deep troll's attack. The deep troll claws you.
The ironbound preserver hits your ogre with a +2 great mace of protection!!
Your ogre dies!
Your ogre's corpse disappears in a puff of smoke!
The ironbound preserver shouts!
45198 ||| INVOKING Brothers in Arms.
You fail to use your ability.
You block the deep troll's attack. x2; The deep troll closely misses you.
The ironbound preserver hits you with a +2 great mace of protection!
45199 ||| READING scroll of teleportation.
As you read the scroll of teleportation, it crumbles to dust.
You feel strangely unstable.
You block the ironbound preserver's attack.
The deep troll bites you. You block the deep troll's attack.
The deep troll claws you. You block the deep troll's attack.
The deep troll claws you! You block the deep troll's attack.
The deep troll bites you!
The deep troll claws you but does no damage.
The deep troll claws you.
You die...

#######
###...¤.###
##....¤.T..##
##.(%%).@p<..#
#...[.###T....#
#...### ###...#
#.... ....+
#...# #...#.
+... ...#..
#... ...# .
#.(. ...# ##.


You could see an ironbound preserver and 2 deep trolls.

Vanquished Creatures
  Nikola (Swamp:1)
  A tentacled monstrosity (Swamp:3)
  Mlioglotl (Spider:3)
  Frances (Swamp:1)
  A thorn hunter (Swamp:3)
  A fenstrider witch (Swamp:2)
  A frost giant (D:15)
  2 emperor scorpions (Spider:4)
  2 vault wardens (Vaults:1)
  Aizul (Swamp:1)
  Louise (D:15)
  3 ghost moths
  3 ironbound preservers
  An ironbound thunderhulk (Vaults:1)
  2 broodmothers (Spider:3)
  2 eleionomae (Swamp:1)
  Azrael (Spider:1)
  3 dire elephants (Vaults:2)
  2 entropy weavers
  A spark wasp (Spider:3)
  2 bunyips
  Snorg (Orc:1)
  Josephine (D:13)
  A fire dragon (Lair:5)
  2 ogre magi (D:15)
  12 hydras
  A great orb of eyes (Vaults:1)
  3 radroaches
  A vault guard (Vaults:1)
  5 boulder beetles
  A catoblepas (Lair:5)
  6 centaur warriors
  3 alligators
  2 ghost crabs
  2 ironbound frosthearts (Vaults:1)
  13 two-headed ogres
  2 jorogumos
  7 death scarabs (Spider:4)
  6 tengu warriors
  7 orc high priests (Orc:2)
  2 spriggan berserkers (Swamp:2)
  4 death yaks
  Nergalle (D:10)
  4 skeletal warriors (D:14)
  4 pharaoh ants
  A glowing orange brain (Vaults:1)
  4 goliath frogs
  13 deep trolls
  12 steelbarb worms
  A spriggan druid (Swamp:1)
  4 swamp dragons
  4 orb spiders
  7 bog bodies
  A spectral wolf spider (Spider:4)
  5 wizards
  7 lindwurms
  6 harpies (Vaults:1)
  2 deep elf pyromancers
  2 wolf spider zombies (Spider:4)
  An orc sorcerer (Orc:2)
  9 ironbound convokers
  24 wolf spiders
  10 ugly things
  6 manticores
  5 moths of wrath
  33 slime creatures
  4 will-o-the-wisps
  3 cyclopes
  7 black mambas
  Maurice (Orc:2)
  2 vault sentinels (Vaults:1)
  11 elephants
  6 torpor snails
  A molten gargoyle (Lair:5)
  An unseen horror (D:13)
  11 cane toads
  8 demonic crawlers
  4 rime drakes (Lair:5)
  A yaktaur (Vaults:1)
  5 spectral redbacks (Spider:4)
  7 komodo dragons
  3 efreet
  A kobold demonologist (D:9)
  A redback zombie (Spider:4)
  A tengu conjurer (D:14)
  12 tyrant leeches
  A polar bear (Lair:4)
  8 hornets
  28 tarantellas
  3 spectral tarantellas (Spider:4)
  2 trolls
  Prince Ribbit (D:5)
  A tarantella zombie (Spider:4)
  2 spectral jumping spiders (Spider:4)
  A jumping spider zombie (Spider:4)
  4 dream sheep
  18 blink frogs
  Sigmund (D:6)
  18 jumping spiders
  16 culicivoras
  A centaur simulacrum (D:14)
  11 spriggans
  A water elemental (D:13)
  2 shadows
  7 wraiths
  41 yaks
  7 wyverns
  A vampire (D:11)
  13 vampire mosquitoes
  5 basilisks
  7 steam dragons
  2 fire elementals (Spider:1)
  40 redbacks
  4 wargs (Orc:2)
  A hell hound (Spider:1)
  An acid dragon (D:10)
  12 swamp worms
  16 water moccasins
  Duvessa (D:6)
  4 swamp drakes
  12 orc warriors
  A sky beast (D:8)
  3 black bears
  An ice beast (D:5)
  10 ogres
  22 wolves
  12 centaurs
  2 phantoms
  3 kobold brigands
  Blork the orc (D:5)
  3 necrophages
  8 bullfrogs
  2 gnoll sergeants
  4 scorpions
  4 wights (D:7)
  Dowan (D:6)
  8 killer bees (D:9)
  8 electric eels
  A howler monkey (D:7)
  13 jellies
  A gnoll bouda (D:6)
  38 orc priests
  2 hounds
  Ijyb (D:3)
  12 iguanas
  31 orc wizards
  Natasha (thrice) (D:3)
  11 gnolls
  8 adders
  4 shadow imps
  A white imp (D:8)
  2 ufetubi
  4 worms
  3 dart slugs
  89 orcs
  9 ball pythons
  11 endoplasms
  3 giant cockroaches
  4 hobgoblins
  2 jackals (D:3)
  22 kobolds
  2 quokkas
  3 bats
  2 frilled lizards
  4 goblins
  3 rats (D:1)
1046 creatures vanquished.

Vanquished Creatures (collateral kills)
  An entropy weaver (Spider:1)
  3 hydras
  A boulder beetle (D:12)
  A two-headed ogre (D:12)
  A pharaoh ant (Spider:2)
  3 orb spiders
  A deep elf pyromancer (D:12)
  A manticore (Lair:5)
  A cane toad (Lair:4)
  A demonic crawler (Spider:2)
  A troll (D:13)
  A blink frog (Lair:5)
  A redback (Spider:1)
  4 yaks
  A hell hound (Spider:1)
22 creatures vanquished.

Vanquished Creatures (others)
  A ghost crab (Swamp:1)
  A spriggan druid (Swamp:3)
  A will-o-the-wisp (Swamp:3)
  2 hornets (Swamp:3)
  A spriggan (Swamp:3)
  A bush (Lair:3)
  33 foxfires
  24 fungi
  52 plants
116 creatures vanquished.

Grand Total: 1184 creatures vanquished

Notes
Turn   | Place    | Note
-------+----------+-------------------------------------------
     0 | D:1      | qw the Minotaur Berserker began the quest for the Orb.
     0 | D:1      | Reached XP level 1. HP: 19/19 MP: 0/0
     0 | D:1      | 0 ||| qw: Version: 0.1-a-104-g96f76f8
     0 | D:1      | 0 ||| qw: Game counter: 5933
     0 | D:1      | 0 ||| qw: Always use a shield: true
     0 | D:1      | 0 ||| qw: Do Orc after D:15 true
     0 | D:1      | 0 ||| qw: Do second Lair branch before Depths: true
     0 | D:1      | 0 ||| qw: Lair rune preference: random
     0 | D:1      | 0 ||| qw: Plans: Normal
     0 | D:1      | 0 ||| PLANNING D:1-11
   303 | D:1      | Reached XP level 2. HP: 23/26 MP: 1/1
   447 | D:1      | Found a faded altar of an unknown god.
   698 | D:1      | 698 ||| Stepping ~*~*~tactically~*~*~ (stealth).
  1143 | D:1      | 1143 ||| UPGRADING to +0 pair of gloves.
  1148 | D:1      | 1148 ||| UPGRADING to +0 leather armour.
  1158 | D:1      | 1158 ||| DROPPING +0 animal skin.
  1159 | D:1      | 1159 ||| READING scroll labelled RAUGUD YMYU.
  1160 | D:1      | 1160 ||| READING scroll labelled HOGRYNEHAI.
  1161 | D:1      | 1161 ||| READING scroll labelled UNOPNO NITODI.
  1342 | D:2      | 1342 ||| INVOKING Berserk.
  1489 | D:2      | 1489 ||| Stepping ~*~*~tactically~*~*~ (hiding).
  1612 | D:2      | Reached XP level 3. HP: 31/31 MP: 2/2
  1707 | D:2      | 1707 ||| INVOKING Berserk.
  1966 | D:2      | 1966 ||| Stepping ~*~*~tactically~*~*~ (hiding).
  2249 | D:2      | 2249 ||| INVOKING Berserk.
  2489 | D:2      | 2489 ||| UPGRADING to +0 plate armour.
  2499 | D:2      | 2499 ||| DROPPING +0 leather armour.
  2500 | D:2      | 2500 ||| READING scroll labelled KASUIX JI HAGG.
  2501 | D:2      | 2501 ||| READING scroll labelled VUOCUE QIESURHERAMM.
  2502 | D:2      | 2502 ||| READING scroll labelled DINOHI HIORUELI.
  2503 | D:2      | 2503 ||| DRINKING 2 sedimented yellow potions.
  2533 | D:2      | 2533 ||| DROPPING potion of lignification.
  2641 | D:3      | 2641 ||| FLEEEEING.
  2643 | D:3      | 2643 ||| STAIRDANCE
  2645 | D:2      | 2645 ||| SWAPPING to +4 hand axe.
  2680 | D:2      | 2680 ||| DROPPING +1 hand axe.
  2703 | D:3      | Noticed Ijyb
  2707 | D:3      | 2707 ||| Stepping ~*~*~tactically~*~*~ (hiding).
  2720 | D:3      | 2720 ||| INVOKING Berserk.
  2726 | D:3      | Killed Ijyb
  2727 | D:3      | Reached skill level 6 in Axes
  2727 | D:3      | Reached XP level 4. HP: 23/39 MP: 3/3
  2732 | D:3      | 2732 ||| FLEEEEING.
  2738 | D:3      | 2738 ||| STAIRDANCE
  2903 | D:3      | 2903 ||| INVOKING Berserk.
  3015 | D:3      | 3015 ||| DROPPING +0 whip.
  3128 | D:3      | Noticed a necrophage
  3133 | D:3      | Killed a necrophage
  3134 | D:3      | Reached XP level 5. HP: 45/45 MP: 4/4
  3143 | D:3      | Noticed Natasha
  3145 | D:3      | 3145 ||| Stepping ~*~*~tactically~*~*~ (hiding).
  3147 | D:3      | 3147 ||| INVOKING Berserk.
  3150 | D:3      | Killed Natasha
  3151 | D:3      | Reached skill level 3 in Armour
  3224 | D:3      | 3224 ||| Stepping ~*~*~tactically~*~*~ (stealth).
  3476 | D:3      | Noticed Natasha
  3480 | D:3      | 3480 ||| INVOKING Berserk.
  3481 | D:3      | Killed Natasha
  3647 | D:3      | Noticed Natasha
  3648 | D:3      | 3648 ||| Stepping ~*~*~tactically~*~*~ (stealth).
  3650 | D:3      | 3650 ||| INVOKING Berserk.
  3654 | D:3      | Killed Natasha
  3655 | D:3      | Reached XP level 6. HP: 52/52 MP: 5/5
  3798 | D:3      | 3798 ||| READING scroll labelled VIRCHU BYFAOR.
  3802 | D:3      | 3802 ||| DRINKING 2 fizzy dark potions.
  3803 | D:3      | 3803 ||| DRINKING 3 murky green potions.
  3803 | D:3      | Gained mutation: Your flesh is heat resistant. (rF+)
                  | [potion of mutation]
  3803 | D:3      | Gained mutation: You passively dampen the noise of your
                  | surroundings. [potion of mutation]
  3803 | D:3      | Gained mutation: You occasionally lose the ability to read
                  | scrolls when taking damage. [potion of mutation]
  3803 | D:3      | Gained mutation: You have large cloven feet. [potion of
                  | mutation]
  3804 | D:3      | 3804 ||| DRINKING 2 potions of mutation.
  3804 | D:3      | Lost mutation: You passively dampen the noise of your
                  | surroundings. [potion of mutation]
  3804 | D:3      | Lost mutation: You occasionally lose the ability to read
                  | scrolls when taking damage. [potion of mutation]
  3804 | D:3      | Lost mutation: You have large cloven feet. [potion of
                  | mutation]
  3804 | D:3      | Gained mutation: You are robust. (+10% HP) [potion of
                  | mutation]
  3829 | D:3      | 3829 ||| READING 2 scrolls of identify.
  3829 | D:3      | 3829 ||| IDENTIFYING coppery potion
  3857 | D:4      | Found Pixiaruo's Antique Weapon Boutique.
  3866 | D:4      | 3866 ||| SHOPLISTING runed broad axe (196 gold, have 155).
  3990 | D:4      | 3990 ||| Stepping ~*~*~tactically~*~*~ (hiding).
  4552 | D:4      | Found the +4 robe of Augmentation {Str+4 Int+4 Dex+4}
  4728 | D:4      | 4728 ||| READING 4 scrolls of identify.
  4728 | D:4      | 4728 ||| IDENTIFYING dark potion
  4729 | D:4      | 4729 ||| READING 3 scrolls of identify.
  4729 | D:4      | 4729 ||| IDENTIFYING amethyst potion
  4730 | D:4      | 4730 ||| READING 2 scrolls of identify.
  4730 | D:4      | 4730 ||| IDENTIFYING sedimented golden potion
  4731 | D:4      | 4731 ||| DROPPING potion of berserk rage.
  4732 | D:4      | 4732 ||| DROPPING potion of magic.
  4766 | D:5      | Entered Level 5 of the Dungeon
  4766 | D:5      | Found Okoliopi's Book Emporium.
  4776 | D:5      | Noticed an ice beast
  4781 | D:5      | 4781 ||| INVOKING Berserk.
  4787 | D:5      | Killed an ice beast
  4893 | D:5      | Noticed Prince Ribbit
  4896 | D:5      | 4896 ||| INVOKING Berserk.
  4901 | D:5      | Killed Prince Ribbit
  4902 | D:5      | Reached skill level 9 in Axes
  4902 | D:5      | Reached XP level 7. HP: 64/64 MP: 6/6
  4914 | D:5      | 4914 ||| DRINKING potion of curing.
  4914 | D:5      | 4914 ||| (to cure confusion)
  5058 | D:5      | Found Basump's General Store.
  5069 | D:5      | 5069 ||| BUYING potion of mutation (96 gold).
  5069 | D:5      | Bought a potion of mutation for 96 gold pieces
  5137 | D:5      | 5137 ||| INVOKING Berserk.
  5235 | D:5      | 5235 ||| DROPPING +0 flail.
  5275 | D:5      | 5275 ||| Stepping ~*~*~tactically~*~*~ (hiding).
  5279 | D:5      | 5279 ||| Stepping ~*~*~tactically~*~*~ (hiding).
  5289 | D:5      | 5289 ||| DRINKING 2 potions of curing.
  5289 | D:5      | 5289 ||| (to cure confusion)
  5297 | D:5      | Reached ** piety under Trog
  5331 | D:5      | 5331 ||| Stepping ~*~*~tactically~*~*~ (hiding).
  5445 | D:5      | Found Ewoec's Antique Weapon Shoppe.
  5453 | D:5      | 5453 ||| SHOPLISTING pitted flail (178 gold, have 59).
  5453 | D:5      | 5453 ||| SHOPLISTING war axe (73 gold, have 59).
  5496 | D:5      | Reached skill level 1 in Throwing
  5516 | D:5      | Noticed Blork the orc
  5517 | D:5      | 5517 ||| Stepping ~*~*~tactically~*~*~ (hiding).
  5519 | D:5      | 5519 ||| INVOKING Berserk.
  5523 | D:5      | Killed Blork the orc
  5869 | D:5      | Found Fuaci's Jewellery Emporium.
  5874 | D:5      | 5874 ||| SHOPLISTING +6 ring of strength (540 gold, have
                  | 96).
  5874 | D:5      | 5874 ||| SHOPLISTING amulet of Isuch {Spirit rC+ Stlth+}
                  | (702 gold, have 96).
  5874 | D:5      | 5874 ||| SHOPLISTING amulet of reflection (450 gold, have
                  | 96).
  5874 | D:5      | 5874 ||| SHOPLISTING amulet of the acrobat (450 gold, have
                  | 96).
  5874 | D:5      | 5874 ||| SHOPLISTING ring "Pyemomum" {rPois rN+ Int+2 SInv}
                  | (594 gold, have 96).
  5874 | D:5      | 5874 ||| SHOPLISTING ring "Quru" {Wiz rN+ Dex+7 Stlth-}
                  | (817 gold, have 96).
  5874 | D:5      | 5874 ||| SHOPLISTING ring "Wev Woiv" {rElec rC+ rN+ SInv}
                  | (678 gold, have 96).
  5874 | D:5      | 5874 ||| SHOPLISTING ring of ice (375 gold, have 96).
  5874 | D:5      | 5874 ||| SHOPLISTING ring of protection from cold (375
                  | gold, have 96).
  5936 | D:5      | 5936 ||| INVOKING Berserk.
  5939 | D:5      | Reached skill level 6 in Fighting
  5939 | D:5      | Reached XP level 8. HP: 78/78 MP: 7/7
  6162 | D:5      | 6162 ||| READING scroll labelled OVOZYO FAUWA.
  6325 | D:5      | 6325 ||| READING scroll labelled FOUMUJ EHIT.
  6326 | D:5      | 6326 ||| READING scroll labelled VAORUJ RYOBURCH.
  6369 | D:6      | 6369 ||| DRINKING 3 potions of curing.
  6369 | D:6      | 6369 ||| (to cure confusion)
  6373 | D:6      | 6373 ||| INVOKING Berserk.
  6374 | D:6      | 6374 ||| INVOKING Berserk.
  6416 | D:6      | 6416 ||| SWAPPING to +2 hand axe of electrocution.
  6417 | D:6      | 6417 ||| DROPPING +4 hand axe.
  6446 | D:6      | Found a staircase to the Ecumenical Temple.
  6466 | D:6      | 6466 ||| Stepping ~*~*~tactically~*~*~ (hiding).
  6471 | D:6      | 6471 ||| Stepping ~*~*~tactically~*~*~ (hiding).
  6497 | D:6      | Noticed Sigmund
  6500 | D:6      | 6500 ||| INVOKING Berserk.
  6505 | D:6      | Killed Sigmund
  6727 | D:6      | 6727 ||| INVOKING Berserk.
  6946 | D:6      | 6946 ||| Stepping ~*~*~tactically~*~*~ (stealth).
  6947 | D:6      | 6947 ||| Stepping ~*~*~tactically~*~*~ (stealth).
  6958 | D:6      | Reached skill level 12 in Axes
  6960 | D:6      | Found a white marble altar of Elyvilon.
  6975 | D:6      | Found Voveck's Jewellery Boutique.
  6986 | D:6      | 6986 ||| INVOKING Berserk.
  6987 | D:6      | 6987 ||| INVOKING Berserk.
  7096 | D:6      | 7096 ||| SHOPLISTING +4 ring of evasion (432 gold, have
                  | 106).
  7096 | D:6      | 7096 ||| SHOPLISTING +4 ring of protection (432 gold, have
                  | 106).
  7096 | D:6      | 7096 ||| SHOPLISTING +6 ring of dexterity (432 gold, have
                  | 106).
  7096 | D:6      | 7096 ||| SHOPLISTING amulet of Golocer {Faith rPois rC-
                  | Str+5} (656 gold, have 106).
  7096 | D:6      | 7096 ||| SHOPLISTING amulet of guardian spirit (360 gold,
                  | have 106).
  7096 | D:6      | 7096 ||| SHOPLISTING amulet of regeneration (360 gold, have
                  | 106).
  7101 | D:6      | 7101 ||| READING scroll of enchant weapon.
  7101 | D:6      | 7101 ||| ENCHANTING +2 hand axe of electrocution.
  7111 | D:6      | 7111 ||| Stepping ~*~*~tactically~*~*~ (hiding).
  7123 | D:6      | 7123 ||| FLEEEEING.
  7124 | D:6      | 7124 ||| FLEEEEING.
  7126 | D:6      | 7126 ||| FLEEEEING.
  7127 | D:6      | 7127 ||| FLEEEEING.
  7128 | D:6      | 7128 ||| FLEEEEING.
  7129 | D:6      | 7129 ||| FLEEEEING.
  7130 | D:6      | 7130 ||| FLEEEEING.
  7131 | D:6      | 7131 ||| FLEEEEING.
  7132 | D:6      | 7132 ||| FLEEEEING.
  7133 | D:6      | 7133 ||| FLEEEEING.
  7134 | D:6      | 7134 ||| FLEEEEING.
  7138 | D:6      | 7138 ||| FLEEEEING.
  7139 | D:6      | 7139 ||| FLEEEEING.
  7140 | D:6      | 7140 ||| FLEEEEING.
  7141 | D:6      | 7141 ||| FLEEEEING.
  7142 | D:6      | 7142 ||| FLEEEEING.
  7143 | D:6      | 7143 ||| FLEEEEING.
  7144 | D:6      | 7144 ||| FLEEEEING.
  7145 | D:6      | 7145 ||| FLEEEEING.
  7146 | D:6      | 7146 ||| FLEEEEING.
  7147 | D:6      | 7147 ||| FLEEEEING.
  7148 | D:6      | 7148 ||| FLEEEEING.
  7149 | D:6      | 7149 ||| FLEEEEING.
  7150 | D:6      | 7150 ||| FLEEEEING.
  7151 | D:6      | 7151 ||| FLEEEEING.
  7152 | D:6      | 7152 ||| FLEEEEING.
  7153 | D:6      | 7153 ||| FLEEEEING.
  7154 | D:6      | 7154 ||| FLEEEEING.
  7155 | D:6      | 7155 ||| FLEEEEING.
  7253 | D:6      | Reached XP level 9. HP: 85/85 MP: 8/8
  7436 | D:6      | Noticed Duvessa
  7436 | D:6      | Noticed Dowan
  7438 | D:6      | 7438 ||| INVOKING Berserk.
  7439 | D:6      | Killed Dowan
  7443 | D:6      | Killed Duvessa
  7568 | D:6      | Found an opulent altar of Gozag.
  7821 | D:6      | 7821 ||| READING 2 scrolls of identify.
  7821 | D:6      | 7821 ||| IDENTIFYING fizzy green potion
  7909 | D:7      | Reached skill level 6 in Armour
  8012 | D:7      | 8012 ||| FLEEEEING.
  8013 | D:7      | 8013 ||| FLEEEEING.
  8015 | D:7      | 8015 ||| FLEEEEING.
  8016 | D:7      | 8016 ||| FLEEEEING.
  8017 | D:7      | 8017 ||| FLEEEEING.
  8018 | D:7      | 8018 ||| FLEEEEING.
  8019 | D:7      | 8019 ||| FLEEEEING.
  8020 | D:7      | 8020 ||| FLEEEEING.
  8024 | D:7      | 8024 ||| FLEEEEING.
  8025 | D:7      | 8025 ||| FLEEEEING.
  8026 | D:7      | 8026 ||| FLEEEEING.
  8027 | D:7      | 8027 ||| FLEEEEING.
  8028 | D:7      | 8028 ||| FLEEEEING.
  8029 | D:7      | 8029 ||| FLEEEEING.
  8030 | D:7      | 8030 ||| STAIRDANCE
  8145 | D:7      | 8145 ||| SWAPPING to +6 war axe.
  8146 | D:7      | 8146 ||| DROPPING +3 hand axe of electrocution.
  8182 | D:7      | Reached *** piety under Trog
  8212 | D:7      | 8212 ||| Stepping ~*~*~tactically~*~*~ (stealth).
  8214 | D:7      | 8214 ||| Stepping ~*~*~tactically~*~*~ (hiding).
  8333 | D:7      | 8333 ||| DROPPING +0 vorpal flail.
  8364 | D:7      | 8364 ||| Stepping ~*~*~tactically~*~*~ (hiding).
  8369 | D:7      | 8369 ||| INVOKING Berserk.
  8508 | D:7      | 8508 ||| Stepping ~*~*~tactically~*~*~ (hiding).
  8510 | D:7      | 8510 ||| INVOKING Berserk.
  8860 | D:7      | Found an ornate altar of the Wu Jian Council.
  8862 | D:7      | Found a basalt altar of Yredelemnul.
  9064 | D:7      | 9064 ||| READING scroll labelled HOROETA HUICW.
  9065 | D:7      | 9065 ||| DRINKING 2 white potions.
  9066 | D:7      | 9066 ||| READING 2 scrolls of identify.
  9066 | D:7      | 9066 ||| IDENTIFYING black potion
  9067 | D:7      | 9067 ||| DROPPING potion of brilliance.
  9068 | D:7      | 9068 ||| DROPPING potion of degeneration.
  9126 | D:8      | 9126 ||| Stepping ~*~*~tactically~*~*~ (hiding).
  9127 | D:8      | 9127 ||| Stepping ~*~*~tactically~*~*~ (hiding).
  9170 | D:8      | 9170 ||| Stepping ~*~*~tactically~*~*~ (stealth).
  9171 | D:8      | 9171 ||| Stepping ~*~*~tactically~*~*~ (stealth).
  9172 | D:8      | 9172 ||| Stepping ~*~*~tactically~*~*~ (stealth).
  9175 | D:8      | 9175 ||| Stepping ~*~*~tactically~*~*~ (stealth).
  9177 | D:8      | 9177 ||| INVOKING Berserk.
  9181 | D:8      | Reached skill level 3 in Throwing
  9190 | D:8      | 9190 ||| DRINKING 4 potions of curing.
  9190 | D:8      | 9190 ||| (to cure confusion)
  9217 | D:8      | 9217 ||| Stepping ~*~*~tactically~*~*~ (stealth).
  9289 | D:8      | 9289 ||| Stepping ~*~*~tactically~*~*~ (hiding).
  9305 | D:8      | Reached XP level 10. HP: 58/96 MP: 9/9
  9571 | D:8      | Noticed a cyclops
  9575 | D:8      | Killed a cyclops
  9611 | D:8      | 9611 ||| Stepping ~*~*~tactically~*~*~ (hiding).
  9617 | D:8      | 9617 ||| INVOKING Berserk.
  9785 | D:8      | Reached **** piety under Trog
  9907 | D:8      | 9907 ||| READING scroll labelled SUIWIRH FADO.
  9967 | D:9      | Reached skill level 15 in Axes
 10344 | D:9      | 10344 ||| FLEEEEING.
 10357 | D:9      | Reached skill level 9 in Fighting
 10360 | D:9      | 10360 ||| INVOKING Berserk.
 10362 | D:9      | Reached skill level 3 in Dodging
 10482 | D:9      | 10482 ||| FLEEEEING.
 10483 | D:9      | 10483 ||| FLEEEEING.
 10489 | D:9      | 10489 ||| STAIRDANCE
 10649 | D:8      | 10649 ||| UPGRADING to ring of positive energy.
 10658 | D:9      | 10658 ||| Stepping ~*~*~tactically~*~*~ (hiding).
 10662 | D:9      | 10662 ||| Stepping ~*~*~tactically~*~*~ (hiding).
 10664 | D:9      | 10664 ||| Stepping ~*~*~tactically~*~*~ (hiding).
 10811 | D:9      | 10811 ||| Stepping ~*~*~tactically~*~*~ (stealth).
 10813 | D:9      | 10813 ||| DRINKING 3 potions of curing.
 10813 | D:9      | 10813 ||| (to cure confusion)
 10819 | D:9      | 10819 ||| Stepping ~*~*~tactically~*~*~ (stealth).
 10854 | D:9      | 10854 ||| Stepping ~*~*~tactically~*~*~ (stealth).
 10858 | D:9      | 10858 ||| Stepping ~*~*~tactically~*~*~ (stealth).
 11141 | D:9      | Found a broken altar of Ashenzari.
 11159 | D:9      | 11159 ||| INVOKING Berserk.
 11306 | D:9      | 11306 ||| Stepping ~*~*~tactically~*~*~ (stealth).
 11462 | D:9      | 11462 ||| INVOKING Berserk.
 11616 | D:9      | Found a bloodstained altar of Trog.
 11625 | D:9      | Found a glowing silver altar of Zin.
 11872 | D:9      | 11872 ||| UPGRADING to +0 cloak.
 11877 | D:9      | 11877 ||| UPGRADING to +6 ring of strength.
 11878 | D:9      | 11878 ||| READING 2 scrolls of identify.
 11878 | D:9      | 11878 ||| IDENTIFYING metallic red potion
 11879 | D:9      | 11879 ||| DROPPING potion of ambrosia.
 11918 | D:10     | Entered Level 10 of the Dungeon
 11919 | D:10     | Noticed a two-headed ogre
 11920 | D:10     | 11920 ||| STAIRDANCE
 11926 | D:10     | 11926 ||| STAIRDANCE
 12117 | D:10     | 12117 ||| STAIRDANCE
 12119 | D:9      | 12119 ||| INVOKING Berserk.
 12121 | D:9      | Killed a two-headed ogre
 12122 | D:9      | Reached XP level 11. HP: 108/108 MP: 10/10
 12303 | D:10     | Found Ylekych's Magic Scroll Shop.
 12308 | D:10     | 12308 ||| BUYING 2 scrolls of identify (48 gold).
 12308 | D:10     | Bought 2 scrolls of identify for 48 gold pieces
 12308 | D:10     | 12308 ||| BUYING 3 scrolls of identify (72 gold).
 12308 | D:10     | Bought 3 scrolls of identify for 72 gold pieces
 12308 | D:10     | 12308 ||| BUYING scroll of enchant armour (90 gold).
 12308 | D:10     | Bought a scroll of enchant armour for 90 gold pieces
 12308 | D:10     | 12308 ||| BUYING scroll of enchant weapon (90 gold).
 12308 | D:10     | Bought a scroll of enchant weapon for 90 gold pieces
 12308 | D:10     | 12308 ||| BUYING scroll of enchant weapon (90 gold).
 12308 | D:10     | Bought a scroll of enchant weapon for 90 gold pieces
 12308 | D:10     | 12308 ||| SHOPLISTING scroll of teleportation (36 gold,
                  | have 13).
 12308 | D:10     | 12308 ||| READING scroll of enchant armour.
 12308 | D:10     | 12308 ||| ENCHANTING +0 pair of gloves.
 12309 | D:10     | 12309 ||| READING 2 scrolls of enchant weapon.
 12309 | D:10     | 12309 ||| ENCHANTING +6 war axe.
 12310 | D:10     | 12310 ||| READING scroll of enchant weapon.
 12310 | D:10     | 12310 ||| ENCHANTING +7 war axe.
 12313 | D:10     | Noticed Nergalle
 12318 | D:10     | 12318 ||| INVOKING Berserk.
 12319 | D:10     | Noticed a spectral orc warlord
 12324 | D:10     | Killed Nergalle
 12558 | D:10     | 12558 ||| READING 3 scrolls of teleportation.
 12571 | D:10     | Found the ring of the Octopus King
 12591 | D:10     | Reached skill level 9 in Armour
 12593 | D:10     | 12593 ||| INVOKING Berserk.
 12830 | D:10     | 12830 ||| Stepping ~*~*~tactically~*~*~ (hiding).
 12913 | D:10     | Found a staircase to the Lair.
 13034 | D:10     | 13034 ||| Stepping ~*~*~tactically~*~*~ (stealth).
 13321 | D:10     | 13321 ||| PLANNING LAIR
 13321 | D:10     | 13321 ||| READING scroll labelled FAWNINLOESO.
 13321 | D:10     | Identified a scroll of acquirement
 13321 | D:10     | 13321 ||| ACQUIRING +2 pair of gloves of the Onion {Int+2}
 13321 | D:10     | Acquired the +2 pair of gloves of the Onion {Int+2}
 13323 | D:10     | 13323 ||| UPGRADING to +2 pair of gloves of the Onion
                  | {Int+2}.
 13333 | D:10     | 13333 ||| DROPPING +1 pair of gloves.
 13378 | Lair:1   | Entered Level 1 of the Lair of Beasts
 13383 | Lair:1   | 13383 ||| INVOKING Berserk.
 13523 | Lair:1   | 13523 ||| INVOKING Berserk.
 13649 | Lair:1   | 13649 ||| INVOKING Berserk.
 13905 | Lair:1   | 13905 ||| Stepping ~*~*~tactically~*~*~ (stealth).
 13906 | Lair:1   | 13906 ||| Stepping ~*~*~tactically~*~*~ (stealth).
 13927 | Lair:1   | 13927 ||| INVOKING Berserk.
 14261 | Lair:1   | 14261 ||| Stepping ~*~*~tactically~*~*~ (stealth).
 14264 | Lair:1   | 14264 ||| INVOKING Berserk.
 14320 | Lair:1   | 14320 ||| Stepping ~*~*~tactically~*~*~ (stealth).
 14325 | Lair:1   | 14325 ||| INVOKING Berserk.
 14467 | Lair:1   | 14467 ||| INVOKING Berserk.
 14765 | Lair:1   | 14765 ||| INVOKING Berserk.
 14769 | Lair:1   | Reached skill level 12 in Fighting
 15069 | Lair:1   | 15069 ||| DROPPING ring of flight.
 15070 | Lair:1   | 15070 ||| UPGRADING to ring of resist corrosion.
 15072 | Lair:1   | 15072 ||| READING 7 scrolls of identify.
 15072 | Lair:1   | 15072 ||| IDENTIFYING clear potion
 15073 | Lair:1   | 15073 ||| DROPPING potion of invisibility.
 15101 | Lair:2   | 15101 ||| INVOKING Berserk.
 15110 | Lair:2   | 15110 ||| Stepping ~*~*~tactically~*~*~ (stealth).
 15119 | Lair:2   | 15119 ||| FLEEEEING.
 15125 | Lair:2   | 15125 ||| STAIRDANCE
 15321 | Lair:2   | 15321 ||| INVOKING Berserk.
 15514 | Lair:2   | Found a hole to the Spider Nest.
 15527 | Lair:2   | 15527 ||| INVOKING Berserk.
 15534 | Lair:2   | Reached XP level 12. HP: 123/123 MP: 11/11
 15655 | Lair:2   | 15655 ||| INVOKING Berserk.
 15846 | Lair:2   | 15846 ||| INVOKING Berserk.
 15992 | Lair:2   | 15992 ||| READING scroll of enchant armour.
 15992 | Lair:2   | 15992 ||| ENCHANTING +0 cloak.
 16000 | Lair:2   | 16000 ||| Stepping ~*~*~tactically~*~*~ (stealth).
 16002 | Lair:2   | 16002 ||| INVOKING Berserk.
 16014 | Lair:2   | Found a staircase to the Swamp.
 16181 | Lair:2   | 16181 ||| INVOKING Berserk.
 16374 | Lair:2   | Reached skill level 12 in Armour
 16469 | Lair:2   | 16469 ||| INVOKING Berserk.
 16626 | Lair:2   | Reached skill level 6 in Dodging
 16630 | Lair:2   | HP: 29/126 [poisoned by a black mamba]
 16635 | Lair:2   | HP: 19/126 [poisoned by a black mamba]
 16640 | Lair:2   | HP: 16/126 [poisoned by a black mamba]
 17042 | Lair:2   | 17042 ||| DROPPING +6 ring of intelligence.
 17043 | Lair:2   | 17043 ||| READING scroll labelled BEECVU ESCHI.
 17044 | Lair:2   | 17044 ||| READING 6 scrolls of identify.
 17044 | Lair:2   | 17044 ||| IDENTIFYING bubbling purple potion
 17045 | Lair:2   | 17045 ||| DROPPING potion of flight.
 17046 | Lair:2   | 17046 ||| READING 5 scrolls of teleportation.
 17192 | Lair:3   | 17192 ||| Stepping ~*~*~tactically~*~*~ (stealth).
 17238 | Lair:3   | 17238 ||| FLEEEEING.
 17340 | Lair:3   | 17340 ||| FLEEEEING.
 17341 | Lair:3   | Noticed a death yak
 17347 | Lair:3   | 17347 ||| FLEEEEING.
 17348 | Lair:3   | 17348 ||| FLEEEEING.
 17349 | Lair:3   | 17349 ||| FLEEEEING.
 17350 | Lair:3   | 17350 ||| FLEEEEING.
 17351 | Lair:3   | 17351 ||| FLEEEEING.
 17352 | Lair:3   | 17352 ||| FLEEEEING.
 17353 | Lair:3   | 17353 ||| FLEEEEING.
 17354 | Lair:3   | 17354 ||| FLEEEEING.
 17355 | Lair:3   | 17355 ||| FLEEEEING.
 17356 | Lair:3   | 17356 ||| FLEEEEING.
 17357 | Lair:3   | 17357 ||| FLEEEEING.
 17358 | Lair:3   | 17358 ||| FLEEEEING.
 17359 | Lair:3   | 17359 ||| FLEEEEING.
 17360 | Lair:3   | 17360 ||| FLEEEEING.
 17361 | Lair:3   | 17361 ||| STAIRDANCE
 17518 | Lair:3   | 17518 ||| INVOKING Berserk.
 17523 | Lair:3   | Killed a death yak
 17524 | Lair:3   | 17524 ||| STAIRDANCE
 17593 | Lair:3   | 17593 ||| Stepping ~*~*~tactically~*~*~ (stealth).
 17679 | Lair:3   | 17679 ||| Stepping ~*~*~tactically~*~*~ (stealth).
 17681 | Lair:3   | 17681 ||| Stepping ~*~*~tactically~*~*~ (stealth).
 17692 | Lair:3   | 17692 ||| Stepping ~*~*~tactically~*~*~ (hiding).
 17764 | Lair:3   | 17764 ||| Stepping ~*~*~tactically~*~*~ (stealth).
 17766 | Lair:3   | 17766 ||| Stepping ~*~*~tactically~*~*~ (hiding).
 18113 | Lair:3   | 18113 ||| READING scroll of enchant weapon.
 18113 | Lair:3   | 18113 ||| ENCHANTING +8 war axe.
 18380 | Lair:3   | 18380 ||| DROPPING amulet of magic regeneration.
 18479 | Lair:4   | 18479 ||| READING scroll of enchant armour.
 18479 | Lair:4   | 18479 ||| ENCHANTING +1 cloak.
 18535 | Lair:4   | Reached skill level 15 in Fighting
 18541 | Lair:4   | Noticed a seven-headed hydra
 18542 | Lair:4   | 18542 ||| INVOKING Brothers in Arms.
 18544 | Lair:4   | 18544 ||| INVOKING Brothers in Arms.
 18545 | Lair:4   | 18545 ||| INVOKING Brothers in Arms.
 18546 | Lair:4   | 18546 ||| SWAPPING to +0 morningstar.
 18547 | Lair:4   | 18547 ||| INVOKING Brothers in Arms.
 18548 | Lair:4   | 18548 ||| INVOKING Berserk.
 18551 | Lair:4   | Killed a seven-headed hydra
 18552 | Lair:4   | Reached XP level 13. HP: 138/138 MP: 12/12
 18617 | Lair:4   | 18617 ||| SWAPPING to +9 war axe.
 18736 | Lair:4   | 18736 ||| FLEEEEING.
 18737 | Lair:4   | 18737 ||| FLEEEEING.
 18738 | Lair:4   | 18738 ||| FLEEEEING.
 18740 | Lair:4   | 18740 ||| FLEEEEING.
 18742 | Lair:4   | 18742 ||| INVOKING Berserk.
 18914 | Lair:4   | 18914 ||| Stepping ~*~*~tactically~*~*~ (stealth).
 18923 | Lair:4   | 18923 ||| INVOKING Berserk.
 18952 | Lair:4   | 18952 ||| Stepping ~*~*~tactically~*~*~ (stealth).
 18955 | Lair:4   | 18955 ||| Stepping ~*~*~tactically~*~*~ (stealth).
 18962 | Lair:4   | 18962 ||| Stepping ~*~*~tactically~*~*~ (stealth).
 19081 | Lair:4   | 19081 ||| Stepping ~*~*~tactically~*~*~ (stealth).
 19085 | Lair:4   | 19085 ||| Stepping ~*~*~tactically~*~*~ (stealth).
 19095 | Lair:4   | 19095 ||| Stepping ~*~*~tactically~*~*~ (stealth).
 19104 | Lair:4   | 19104 ||| Stepping ~*~*~tactically~*~*~ (stealth).
 19115 | Lair:4   | 19115 ||| Stepping ~*~*~tactically~*~*~ (stealth).
 19116 | Lair:4   | 19116 ||| Stepping ~*~*~tactically~*~*~ (stealth).
 19120 | Lair:4   | 19120 ||| Stepping ~*~*~tactically~*~*~ (stealth).
 19121 | Lair:4   | 19121 ||| Stepping ~*~*~tactically~*~*~ (stealth).
 19122 | Lair:4   | 19122 ||| Stepping ~*~*~tactically~*~*~ (stealth).
 19286 | Lair:4   | Found a viscous altar of Jiyva.
 19286 | Lair:4   | Found a staircase to the Slime Pits.
 19755 | Lair:5   | Entered Level 5 of the Lair of Beasts
 19798 | Lair:5   | 19798 ||| Stepping ~*~*~tactically~*~*~ (stealth).
 19800 | Lair:5   | 19800 ||| Stepping ~*~*~tactically~*~*~ (stealth).
 19988 | Lair:5   | 19988 ||| READING scroll of enchant armour.
 19988 | Lair:5   | 19988 ||| ENCHANTING +0 plate armour.
 20051 | Lair:5   | 20051 ||| Stepping ~*~*~tactically~*~*~ (stealth).
 20052 | Lair:5   | 20052 ||| INVOKING Berserk.
 20263 | Lair:5   | 20263 ||| INVOKING Brothers in Arms.
 20264 | Lair:5   | 20264 ||| INVOKING Brothers in Arms.
 20266 | Lair:5   | 20266 ||| SWAPPING to +0 morningstar.
 20268 | Lair:5   | 20268 ||| INVOKING Berserk.
 20279 | Lair:5   | 20279 ||| SWAPPING to +9 war axe.
 20294 | Lair:5   | 20294 ||| DRINKING 2 potions of resistance.
 20297 | Lair:5   | 20297 ||| Stepping ~*~*~tactically~*~*~ (hiding).
 20338 | Lair:5   | 20338 ||| INVOKING Brothers in Arms.
 20339 | Lair:5   | 20339 ||| INVOKING Brothers in Arms.
 20340 | Lair:5   | 20340 ||| INVOKING Brothers in Arms.
 20341 | Lair:5   | 20341 ||| SWAPPING to +0 morningstar.
 20342 | Lair:5   | 20342 ||| INVOKING Berserk.
 20349 | Lair:5   | 20349 ||| SWAPPING to +9 war axe.
 20709 | Lair:5   | 20709 ||| Stepping ~*~*~tactically~*~*~ (stealth).
 20712 | Lair:5   | 20712 ||| INVOKING Berserk.
 20739 | Lair:5   | 20739 ||| Stepping ~*~*~tactically~*~*~ (stealth).
 20855 | Lair:5   | 20855 ||| Stepping ~*~*~tactically~*~*~ (water).
 20856 | Lair:5   | 20856 ||| DRINKING potion of resistance.
 20865 | Lair:5   | 20865 ||| Stepping ~*~*~tactically~*~*~ (water).
 20868 | Lair:5   | 20868 ||| Stepping ~*~*~tactically~*~*~ (hiding).
 20874 | Lair:5   | 20874 ||| Stepping ~*~*~tactically~*~*~ (stealth).
 20948 | Lair:5   | 20948 ||| Stepping ~*~*~tactically~*~*~ (stealth).
 20960 | Lair:5   | 20960 ||| Stepping ~*~*~tactically~*~*~ (stealth).
 20963 | Lair:5   | 20963 ||| Stepping ~*~*~tactically~*~*~ (stealth).
 21019 | Lair:5   | Noticed a fire dragon
 21019 | Lair:5   | 21019 ||| Stepping ~*~*~tactically~*~*~ (stealth).
 21023 | Lair:5   | 21023 ||| Stepping ~*~*~tactically~*~*~ (cloud).
 21024 | Lair:5   | 21024 ||| INVOKING Berserk.
 21040 | Lair:5   | Killed a fire dragon
 21104 | Lair:5   | 21104 ||| UPGRADING to ring of protection from fire.
 21106 | Lair:5   | 21106 ||| DRINKING 5 potions of curing.
 21106 | Lair:5   | 21106 ||| (to cure confusion)
 21150 | Lair:5   | 21150 ||| Stepping ~*~*~tactically~*~*~ (water).
 21243 | Lair:5   | 21243 ||| Stepping ~*~*~tactically~*~*~ (stealth).
 21286 | Lair:5   | Reached skill level 15 in Armour
 21416 | Lair:5   | 21416 ||| INVOKING Brothers in Arms.
 21417 | Lair:5   | 21417 ||| SWAPPING to +0 morningstar.
 21418 | Lair:5   | 21418 ||| INVOKING Berserk.
 21480 | Lair:5   | 21480 ||| SWAPPING to +9 war axe.
 21485 | Lair:5   | Identified the ring of Jyasew {rF+ rN+ Will+ Int-4 SInv}
 21496 | Lair:5   | 21496 ||| INVOKING Berserk.
 21626 | Lair:5   | 21626 ||| Stepping ~*~*~tactically~*~*~ (hiding).
 21628 | Lair:5   | 21628 ||| INVOKING Berserk.
 21632 | Lair:5   | Reached XP level 14. HP: 154/154 MP: 13/13
 21880 | Lair:5   | 21880 ||| PLANNING D:1-11
 21880 | Lair:5   | 21880 ||| DROPPING ring of positive energy.
 21881 | Lair:5   | 21881 ||| UPGRADING to ring of Jyasew {rF+ rN+ Will+ Int-4
                  | SInv}.
 21883 | Lair:5   | 21883 ||| READING scroll labelled TUZOYV FUSEO.
 21884 | Lair:5   | 21884 ||| READING 2 scrolls labelled SISHRE BAABIESS.
 21985 | Lair:5   | 21985 ||| READING scroll labelled NUQAMU UKENLA.
 21986 | Lair:5   | 21986 ||| READING 14 scrolls of identify.
 21986 | Lair:5   | 21986 ||| IDENTIFYING emerald potion
 21987 | Lair:5   | 21987 ||| DROPPING potion of attraction.
 21988 | Lair:5   | 21988 ||| DROPPING scroll of silence.
 22115 | D:11     | 22115 ||| READING scroll of enchant armour.
 22115 | D:11     | 22115 ||| ENCHANTING +1 plate armour.
 22514 | D:11     | 22514 ||| Stepping ~*~*~tactically~*~*~ (stealth).
 22515 | D:11     | 22515 ||| Stepping ~*~*~tactically~*~*~ (stealth).
 22527 | D:11     | Reached skill level 18 in Fighting
 22610 | D:11     | 22610 ||| Stepping ~*~*~tactically~*~*~ (hiding).
 22717 | D:11     | 22717 ||| Stepping ~*~*~tactically~*~*~ (stealth).
 22718 | D:11     | 22718 ||| Stepping ~*~*~tactically~*~*~ (stealth).
 22727 | D:11     | 22727 ||| Stepping ~*~*~tactically~*~*~ (stealth).
 22728 | D:11     | 22728 ||| Stepping ~*~*~tactically~*~*~ (stealth).
 22729 | D:11     | 22729 ||| Stepping ~*~*~tactically~*~*~ (stealth).
 22730 | D:11     | 22730 ||| Stepping ~*~*~tactically~*~*~ (stealth).
 22733 | D:11     | 22733 ||| Stepping ~*~*~tactically~*~*~ (stealth).
 22738 | D:11     | 22738 ||| Stepping ~*~*~tactically~*~*~ (stealth).
 22776 | D:11     | 22776 ||| PLANNING D
 22776 | D:11     | 22776 ||| UPGRADING to +0 buckler.
 22781 | D:11     | 22781 ||| UPGRADING to +0 pair of boots.
 22792 | D:12     | 22792 ||| STAIRDANCE
 22797 | D:12     | 22797 ||| STAIRDANCE
 22803 | D:12     | 22803 ||| STAIRDANCE
 22845 | D:12     | Found a staircase to the Orcish Mines.
 22862 | D:12     | Reached skill level 1 in Shields
 22928 | D:12     | Reached skill level 2 in Shields
 22995 | D:12     | 22995 ||| Stepping ~*~*~tactically~*~*~ (stealth).
 23000 | D:12     | Reached ***** piety under Trog
 23001 | D:12     | Reached skill level 3 in Shields
 23025 | D:12     | 23025 ||| FLEEEEING.
 23026 | D:12     | 23026 ||| INVOKING Brothers in Arms.
 23030 | D:12     | Reached skill level 4 in Shields
 23052 | D:12     | Reached skill level 5 in Shields
 23459 | D:13     | Noticed Josephine
 23469 | D:13     | Killed Josephine
 23501 | D:13     | Reached skill level 6 in Shields
 23644 | D:13     | 23644 ||| Stepping ~*~*~tactically~*~*~ (hiding).
 23682 | D:13     | 23682 ||| Stepping ~*~*~tactically~*~*~ (stealth).
 23684 | D:13     | 23684 ||| INVOKING Brothers in Arms.
 23685 | D:13     | 23685 ||| INVOKING Brothers in Arms.
 23686 | D:13     | 23686 ||| SWAPPING to +0 morningstar.
 23687 | D:13     | 23687 ||| INVOKING Berserk.
 23690 | D:13     | Reached skill level 7 in Shields
 23693 | D:13     | 23693 ||| SWAPPING to +9 war axe.
 23851 | D:13     | 23851 ||| INVOKING Berserk.
 24106 | D:13     | Reached skill level 8 in Shields
 24266 | D:13     | 24266 ||| INVOKING Berserk.
 24498 | D:13     | 24498 ||| READING scroll of enchant armour.
 24498 | D:13     | 24498 ||| ENCHANTING +0 pair of boots.
 24616 | D:13     | 24616 ||| DROPPING ring of resist corrosion.
 24617 | D:13     | 24617 ||| UPGRADING to +4 ring of protection.
 24619 | D:13     | 24619 ||| READING 19 scrolls of identify.
 24619 | D:13     | 24619 ||| IDENTIFYING blue potion
 24685 | D:14     | 24685 ||| READING scroll of enchant armour.
 24685 | D:14     | 24685 ||| ENCHANTING +1 pair of boots.
 24717 | D:14     | 24717 ||| FLEEEEING.
 24718 | D:14     | 24718 ||| FLEEEEING.
 24719 | D:14     | 24719 ||| FLEEEEING.
 24720 | D:14     | 24720 ||| FLEEEEING.
 24721 | D:14     | 24721 ||| FLEEEEING.
 24722 | D:14     | 24722 ||| FLEEEEING.
 24723 | D:14     | 24723 ||| FLEEEEING.
 24724 | D:14     | 24724 ||| STAIRDANCE
 24880 | D:14     | Reached skill level 9 in Shields
 24889 | D:14     | 24889 ||| INVOKING Brothers in Arms.
 24890 | D:14     | 24890 ||| INVOKING Brothers in Arms.
 24892 | D:14     | 24892 ||| SWAPPING to +0 morningstar.
 24894 | D:14     | 24894 ||| INVOKING Berserk.
 25080 | D:14     | 25080 ||| SWAPPING to +9 war axe.
 25131 | D:14     | 25131 ||| INVOKING Berserk.
 25137 | D:14     | Reached skill level 10 in Shields
 25283 | D:14     | 25283 ||| SWAPPING to +0 broad axe.
 25284 | D:14     | 25284 ||| DROPPING +9 war axe.
 25344 | D:14     | Found a gate to the Vaults.
 25344 | D:14     | Noticed an ironbound preserver
 25345 | D:14     | 25345 ||| INVOKING Brothers in Arms.
 25346 | D:14     | 25346 ||| INVOKING Brothers in Arms.
 25347 | D:14     | 25347 ||| INVOKING Brothers in Arms.
 25348 | D:14     | 25348 ||| INVOKING Brothers in Arms.
 25349 | D:14     | 25349 ||| SWAPPING to +0 morningstar.
 25350 | D:14     | 25350 ||| INVOKING Berserk.
 25355 | D:14     | Killed an ironbound preserver
 25460 | D:14     | 25460 ||| SWAPPING to +0 broad axe.
 25633 | D:14     | 25633 ||| Stepping ~*~*~tactically~*~*~ (hiding).
 25686 | D:14     | 25686 ||| INVOKING Trog's Hand.
 25687 | D:14     | 25687 ||| INVOKING Berserk.
 25861 | D:14     | 25861 ||| READING scroll of brand weapon.
 25861 | D:14     | 25861 ||| BRANDING +0 broad axe.
 26112 | D:14     | Reached XP level 15. HP: 149/163 MP: 14/14
 26329 | D:14     | Found an iron altar of Okawaru.
 26395 | D:14     | 26395 ||| UPGRADING to +0 kite shield.
 26405 | D:14     | 26405 ||| DROPPING +0 buckler.
 26419 | D:15     | Entered Level 15 of the Dungeon
 26467 | D:15     | 26467 ||| Stepping ~*~*~tactically~*~*~ (stealth).
 26473 | D:15     | 26473 ||| INVOKING Trog's Hand.
 26499 | D:15     | 26499 ||| FLEEEEING.
 26500 | D:15     | 26500 ||| FLEEEEING.
 26501 | D:15     | 26501 ||| FLEEEEING.
 26502 | D:15     | 26502 ||| FLEEEEING.
 26503 | D:15     | 26503 ||| FLEEEEING.
 26504 | D:15     | 26504 ||| FLEEEEING.
 26505 | D:15     | 26505 ||| FLEEEEING.
 26506 | D:15     | 26506 ||| FLEEEEING.
 26507 | D:15     | 26507 ||| FLEEEEING.
 26508 | D:15     | 26508 ||| FLEEEEING.
 26509 | D:15     | 26509 ||| FLEEEEING.
 26510 | D:15     | 26510 ||| FLEEEEING.
 26511 | D:15     | 26511 ||| FLEEEEING.
 26512 | D:15     | 26512 ||| FLEEEEING.
 26513 | D:15     | 26513 ||| FLEEEEING.
 26514 | D:15     | 26514 ||| FLEEEEING.
 26515 | D:15     | 26515 ||| FLEEEEING.
 26516 | D:15     | 26516 ||| FLEEEEING.
 26517 | D:15     | 26517 ||| FLEEEEING.
 26518 | D:15     | 26518 ||| FLEEEEING.
 26519 | D:15     | 26519 ||| FLEEEEING.
 26520 | D:15     | 26520 ||| FLEEEEING.
 26521 | D:15     | 26521 ||| FLEEEEING.
 26522 | D:15     | 26522 ||| FLEEEEING.
 26523 | D:15     | 26523 ||| FLEEEEING.
 26524 | D:15     | 26524 ||| FLEEEEING.
 26525 | D:15     | 26525 ||| FLEEEEING.
 26526 | D:15     | 26526 ||| FLEEEEING.
 26527 | D:15     | 26527 ||| FLEEEEING.
 26528 | D:15     | 26528 ||| FLEEEEING.
 26529 | D:15     | 26529 ||| STAIRDANCE
 26620 | D:15     | 26620 ||| STAIRDANCE
 26833 | D:15     | 26833 ||| STAIRDANCE
 26838 | D:14     | Reached skill level 11 in Shields
 26857 | D:15     | 26857 ||| STAIRDANCE
 26936 | D:15     | Noticed Louise
 26937 | D:15     | 26937 ||| INVOKING Trog's Hand.
 26940 | D:15     | 26940 ||| INVOKING Berserk.
 26948 | D:15     | Killed Louise
 27102 | D:15     | 27102 ||| SWAPPING to +0 morningstar.
 27103 | D:15     | 27103 ||| INVOKING Berserk.
 27150 | D:15     | 27150 ||| SWAPPING to +0 spectral broad axe.
 27163 | D:15     | 27163 ||| Stepping ~*~*~tactically~*~*~ (hiding).
 27174 | D:15     | 27174 ||| INVOKING Trog's Hand.
 27178 | D:15     | 27178 ||| INVOKING Berserk.
 27187 | D:15     | Reached skill level 18 in Axes
 27525 | D:15     | Found a runed translucent gate.
 27526 | D:15     | Found a runed translucent gate.
 27526 | D:15     | Found a runed translucent gate.
 27626 | D:15     | Noticed a frost giant
 27627 | D:15     | 27627 ||| FLEEEEING.
 27628 | D:15     | 27628 ||| FLEEEEING.
 27629 | D:15     | 27629 ||| FLEEEEING.
 27630 | D:15     | 27630 ||| FLEEEEING.
 27634 | D:15     | 27634 ||| FLEEEEING.
 27635 | D:15     | 27635 ||| FLEEEEING.
 27636 | D:15     | 27636 ||| STAIRDANCE
 27758 | D:14     | 27758 ||| UPGRADING to +0 tower shield.
 27768 | D:14     | 27768 ||| DROPPING +0 kite shield.
 27779 | D:15     | 27779 ||| INVOKING Berserk.
 27783 | D:15     | Reached skill level 12 in Shields
 27787 | D:15     | Killed a frost giant
 27944 | D:15     | Found a staircase to the Depths.
 28031 | D:15     | 28031 ||| Stepping ~*~*~tactically~*~*~ (hiding).
 28425 | D:15     | 28425 ||| READING 5 scrolls of teleportation.
 28426 | D:15     | 28426 ||| PLANNING ORC
 28581 | Orc:1    | Entered Level 1 of the Orcish Mines
 28913 | Orc:1    | Noticed Snorg
 28917 | Orc:1    | 28917 ||| INVOKING Berserk.
 28922 | Orc:1    | Killed Snorg
 29151 | Orc:1    | 29151 ||| Stepping ~*~*~tactically~*~*~ (hiding).
 29282 | Orc:2    | Entered Level 2 of the Orcish Mines
 29283 | Orc:2    | Noticed Maurice
 29304 | Orc:2    | Killed Maurice
 29395 | Orc:2    | 29395 ||| Stepping ~*~*~tactically~*~*~ (stealth).
 29396 | Orc:2    | 29396 ||| Stepping ~*~*~tactically~*~*~ (stealth).
 29404 | Orc:2    | 29404 ||| Stepping ~*~*~tactically~*~*~ (hiding).
 29406 | Orc:2    | 29406 ||| Stepping ~*~*~tactically~*~*~ (stealth).
 29407 | Orc:2    | 29407 ||| Stepping ~*~*~tactically~*~*~ (hiding).
 29418 | Orc:2    | 29418 ||| Stepping ~*~*~tactically~*~*~ (hiding).
 29419 | Orc:2    | 29419 ||| Stepping ~*~*~tactically~*~*~ (hiding).
 29422 | Orc:2    | 29422 ||| Stepping ~*~*~tactically~*~*~ (hiding).
 29423 | Orc:2    | 29423 ||| Stepping ~*~*~tactically~*~*~ (hiding).
 29433 | Orc:2    | 29433 ||| FLEEEEING.
 29434 | Orc:2    | 29434 ||| Stepping ~*~*~tactically~*~*~ (stealth).
 29435 | Orc:2    | 29435 ||| Stepping ~*~*~tactically~*~*~ (stealth).
 29437 | Orc:2    | 29437 ||| Stepping ~*~*~tactically~*~*~ (stealth).
 29438 | Orc:2    | 29438 ||| Stepping ~*~*~tactically~*~*~ (stealth).
 29443 | Orc:2    | 29443 ||| INVOKING Trog's Hand.
 29444 | Orc:2    | 29444 ||| INVOKING Berserk.
 29448 | Orc:2    | Reached skill level 13 in Shields
 29461 | Orc:2    | 29461 ||| Stepping ~*~*~tactically~*~*~ (stealth).
 29472 | Orc:2    | 29472 ||| Stepping ~*~*~tactically~*~*~ (stealth).
 29475 | Orc:2    | 29475 ||| Stepping ~*~*~tactically~*~*~ (stealth).
 29530 | Orc:2    | 29530 ||| FLEEEEING.
 29531 | Orc:2    | 29531 ||| FLEEEEING.
 29673 | Orc:2    | 29673 ||| Stepping ~*~*~tactically~*~*~ (hiding).
 29676 | Orc:2    | 29676 ||| Stepping ~*~*~tactically~*~*~ (hiding).
 29709 | Orc:2    | 29709 ||| Stepping ~*~*~tactically~*~*~ (stealth).
 29714 | Orc:2    | 29714 ||| Stepping ~*~*~tactically~*~*~ (stealth).
 29857 | Orc:2    | 29857 ||| INVOKING Berserk.
 29875 | Orc:2    | Found Ajuoruw's Jewellery Boutique.
 29875 | Orc:2    | Found Soxt's Assorted Antiques.
 30073 | Orc:2    | 30073 ||| BUYING amulet "Kinipn" {Acrobat Contam rF- rN+
                  | Int+7} (649 gold).
 30073 | Orc:2    | Bought the amulet "Kinipn" {Acrobat Contam rF- rN+ Int+7}
                  | for 649 gold pieces
 30073 | Orc:2    | 30073 ||| BUYING amulet of reflection (450 gold).
 30073 | Orc:2    | Bought an amulet of reflection for 450 gold pieces
 30088 | Orc:2    | 30088 ||| BUYING 2 potions of heal wounds (240 gold).
 30088 | Orc:2    | Bought 2 potions of heal wounds for 240 gold pieces
 30088 | Orc:2    | 30088 ||| BUYING potion of might (96 gold).
 30088 | Orc:2    | Bought a potion of might for 96 gold pieces
 30094 | Orc:2    | Found a staircase to the Elven Halls.
 30116 | Orc:2    | 30116 ||| INVOKING Berserk.
 30320 | Orc:2    | Found Foitzet's Specific Store.
 30320 | Orc:2    | Found Zautiviw's General Store.
 30333 | Orc:2    | 30333 ||| BUYING potion of haste (150 gold).
 30333 | Orc:2    | Bought a potion of haste for 150 gold pieces
 30372 | Orc:2    | Found Xogit's General Store.
 30372 | Orc:2    | Found Taoson's Jewellery Shoppe.
 30378 | Orc:2    | 30378 ||| SHOPLISTING +4 ring of protection (468 gold, have
                  | 144).
 30378 | Orc:2    | 30378 ||| SHOPLISTING ring of Var Gef {Str+6 Dex+3} (640
                  | gold, have 144).
 30387 | Orc:2    | 30387 ||| SHOPLISTING ring of poison resistance (340 gold,
                  | have 144).
 30471 | Orc:2    | 30471 ||| PLANNING SPIDER:1-3
 30471 | Orc:2    | 30471 ||| DROPPING amulet "Kinipn" {Acrobat Contam rF- rN+
                  | Int+7}.
 30472 | Orc:2    | 30472 ||| UPGRADING to amulet of reflection.
 30631 | Spider:1 | Entered Level 1 of the Spider Nest
 30635 | Spider:1 | Reached skill level 14 in Shields
 30661 | Spider:1 | 30661 ||| INVOKING Berserk.
 30696 | Spider:1 | 30696 ||| Stepping ~*~*~tactically~*~*~ (stealth).
 30697 | Spider:1 | 30697 ||| Stepping ~*~*~tactically~*~*~ (stealth).
 30735 | Spider:1 | 30735 ||| Stepping randomly (disturbance).
 30736 | Spider:1 | 30736 ||| Stepping randomly (disturbance).
 30940 | Spider:1 | 30940 ||| READING scroll of enchant armour.
 30940 | Spider:1 | 30940 ||| ENCHANTING +2 plate armour.
 31090 | Spider:1 | Reached skill level 15 in Shields
 31205 | Spider:1 | 31205 ||| Stepping ~*~*~tactically~*~*~ (stealth).
 31206 | Spider:1 | 31206 ||| Stepping ~*~*~tactically~*~*~ (stealth).
 31376 | Spider:1 | 31376 ||| INVOKING Brothers in Arms.
 31625 | Spider:1 | Reached XP level 16. HP: 172/172 MP: 15/15
 31679 | Spider:1 | Reached skill level 16 in Shields
 31682 | Spider:1 | 31682 ||| Stepping ~*~*~tactically~*~*~ (stealth).
 31683 | Spider:1 | 31683 ||| Stepping ~*~*~tactically~*~*~ (stealth).
 31751 | Spider:1 | Noticed Azrael
 31752 | Spider:1 | 31752 ||| INVOKING Brothers in Arms.
 31753 | Spider:1 | 31753 ||| INVOKING Berserk.
 31757 | Spider:1 | Killed Azrael
 31966 | Spider:1 | 31966 ||| Stepping ~*~*~tactically~*~*~ (hiding).
 31969 | Spider:1 | 31969 ||| INVOKING Brothers in Arms.
 31970 | Spider:1 | 31970 ||| INVOKING Brothers in Arms.
 31971 | Spider:1 | 31971 ||| INVOKING Brothers in Arms.
 31972 | Spider:1 | 31972 ||| INVOKING Brothers in Arms.
 31973 | Spider:1 | 31973 ||| INVOKING Brothers in Arms.
 31974 | Spider:1 | 31974 ||| INVOKING Brothers in Arms.
 32090 | Spider:2 | 32090 ||| Stepping ~*~*~tactically~*~*~ (stealth).
 32101 | Spider:2 | 32101 ||| Stepping ~*~*~tactically~*~*~ (stealth).
 32114 | Spider:2 | 32114 ||| INVOKING Berserk.
 32172 | Spider:2 | 32172 ||| Stepping ~*~*~tactically~*~*~ (stealth).
 32173 | Spider:2 | 32173 ||| Stepping ~*~*~tactically~*~*~ (stealth).
 32175 | Spider:2 | 32175 ||| Stepping ~*~*~tactically~*~*~ (stealth).
 32180 | Spider:2 | 32180 ||| Stepping ~*~*~tactically~*~*~ (hiding).
 32227 | Spider:2 | 32227 ||| Stepping ~*~*~tactically~*~*~ (stealth).
 32228 | Spider:2 | 32228 ||| Stepping ~*~*~tactically~*~*~ (stealth).
 32271 | Spider:2 | 32271 ||| Stepping ~*~*~tactically~*~*~ (stealth).
 32273 | Spider:2 | 32273 ||| Stepping ~*~*~tactically~*~*~ (stealth).
 32319 | Spider:2 | 32319 ||| Stepping ~*~*~tactically~*~*~ (hiding).
 32321 | Spider:2 | 32321 ||| INVOKING Brothers in Arms.
 32322 | Spider:2 | 32322 ||| INVOKING Brothers in Arms.
 32323 | Spider:2 | 32323 ||| INVOKING Brothers in Arms.
 32324 | Spider:2 | 32324 ||| INVOKING Brothers in Arms.
 32339 | Spider:2 | Reached skill level 17 in Shields
 32395 | Spider:2 | 32395 ||| Stepping ~*~*~tactically~*~*~ (stealth).
 32425 | Spider:2 | 32425 ||| DROPPING +1 flail of protection.
 32574 | Spider:2 | 32574 ||| FLEEEEING.
 32575 | Spider:2 | 32575 ||| FLEEEEING.
 32576 | Spider:2 | 32576 ||| FLEEEEING.
 32577 | Spider:2 | 32577 ||| FLEEEEING.
 32578 | Spider:2 | 32578 ||| FLEEEEING.
 32579 | Spider:2 | 32579 ||| FLEEEEING.
 32580 | Spider:2 | 32580 ||| FLEEEEING.
 32581 | Spider:2 | 32581 ||| FLEEEEING.
 32582 | Spider:2 | 32582 ||| FLEEEEING.
 32583 | Spider:2 | 32583 ||| FLEEEEING.
 32584 | Spider:2 | 32584 ||| FLEEEEING.
 32587 | Spider:2 | 32587 ||| FLEEEEING.
 32617 | Spider:2 | 32617 ||| Stepping ~*~*~tactically~*~*~ (stealth).
 32722 | Spider:2 | 32722 ||| Stepping ~*~*~tactically~*~*~ (stealth).
 32906 | Spider:3 | 32906 ||| Stepping ~*~*~tactically~*~*~ (stealth).
 33115 | Spider:3 | 33115 ||| INVOKING Brothers in Arms.
 33180 | Spider:3 | 33180 ||| INVOKING Berserk.
 33197 | Spider:3 | 33197 ||| DRINKING 14 potions of curing.
 33197 | Spider:3 | 33197 ||| (to cure confusion)
 33321 | Spider:3 | Reached skill level 18 in Shields
 33321 | Spider:3 | 33321 ||| Stepping ~*~*~tactically~*~*~ (stealth).
 33445 | Spider:3 | 33445 ||| READING scroll of enchant armour.
 33445 | Spider:3 | 33445 ||| ENCHANTING +3 plate armour.
 33496 | Spider:3 | 33496 ||| INVOKING Berserk.
 33808 | Spider:3 | 33808 ||| Stepping ~*~*~tactically~*~*~ (hiding).
 33811 | Spider:3 | 33811 ||| INVOKING Brothers in Arms.
 33967 | Spider:3 | 33967 ||| Stepping ~*~*~tactically~*~*~ (stealth).
 33968 | Spider:3 | 33968 ||| Stepping ~*~*~tactically~*~*~ (stealth).
 33993 | Spider:3 | 33993 ||| INVOKING Berserk.
 34004 | Spider:3 | 34004 ||| DRINKING 13 potions of curing.
 34004 | Spider:3 | 34004 ||| (to cure confusion)
 34344 | Spider:3 | 34344 ||| Stepping ~*~*~tactically~*~*~ (stealth).
 34361 | Spider:3 | 34361 ||| Stepping ~*~*~tactically~*~*~ (hiding).
 34497 | Spider:3 | Noticed Mlioglotl
 34498 | Spider:3 | 34498 ||| Stepping ~*~*~tactically~*~*~ (hiding).
 34500 | Spider:3 | 34500 ||| INVOKING Berserk.
 34509 | Spider:3 | Killed Mlioglotl
 34626 | Spider:3 | 34626 ||| INVOKING Brothers in Arms.
 34627 | Spider:3 | 34627 ||| INVOKING Brothers in Arms.
 34628 | Spider:3 | 34628 ||| INVOKING Brothers in Arms.
 34629 | Spider:3 | 34629 ||| INVOKING Brothers in Arms.
 34637 | Spider:3 | Reached skill level 19 in Shields
 34921 | Spider:3 | 34921 ||| Stepping ~*~*~tactically~*~*~ (stealth).
 34927 | Spider:3 | 34927 ||| Stepping ~*~*~tactically~*~*~ (hiding).
 35160 | Spider:3 | 35160 ||| PLANNING SWAMP:1-3
 35296 | Swamp:1  | Entered Level 1 of the Swamp
 35300 | Swamp:1  | 35300 ||| Stepping ~*~*~tactically~*~*~ (water).
 35424 | Swamp:1  | 35424 ||| Stepping randomly (cloudy).
 35436 | Swamp:1  | 35436 ||| Stepping ~*~*~tactically~*~*~ (cloud).
 35438 | Swamp:1  | 35438 ||| Stepping ~*~*~tactically~*~*~ (cloud).
 35438 | Swamp:1  | Noticed Nikola
 35442 | Swamp:1  | 35442 ||| Stepping ~*~*~tactically~*~*~ (hiding).
 35444 | Swamp:1  | 35444 ||| Stepping ~*~*~tactically~*~*~ (hiding).
 35450 | Swamp:1  | 35450 ||| INVOKING Berserk.
 35463 | Swamp:1  | HP: 57/258 [Nikola/arc of chain lightning (22)]
 35465 | Swamp:1  | HP: 19/258 [Nikola/bolt of lightning (38)]
 35467 | Swamp:1  | Killed Nikola
 35469 | Swamp:1  | 35469 ||| READING 4 scrolls of teleportation.
 35469 | Swamp:1  | HP: 8/172 [vampire mosquito (2)]
 35470 | Swamp:1  | 35470 ||| DRINKING 6 potions of heal wounds.
 35471 | Swamp:1  | 35471 ||| DRINKING 5 potions of heal wounds.
 35472 | Swamp:1  | 35472 ||| SWAPPING to +0 morningstar.
 35473 | Swamp:1  | 35473 ||| SWAPPING to +0 spectral broad axe.
 35474 | Swamp:1  | 35474 ||| READING 3 scrolls of teleportation.
 35475 | Swamp:1  | 35475 ||| DRINKING 4 potions of heal wounds.
 35478 | Swamp:1  | HP: 40/172 [spriggan rider/+0 spear (4)]
 35479 | Swamp:1  | 35479 ||| READING 2 scrolls of teleportation.
 35480 | Swamp:1  | 35480 ||| DRINKING 3 potions of heal wounds.
 35481 | Swamp:1  | 35481 ||| DRINKING 2 potions of heal wounds.
 35482 | Swamp:1  | HP: 19/172 [eleionoma/spray of wooden splinters (21)]
 35483 | Swamp:1  | 35483 ||| READING scroll of teleportation.
 35484 | Swamp:1  | 35484 ||| DRINKING potion of heal wounds.
 35486 | Swamp:1  | 35486 ||| Stepping ~*~*~tactically~*~*~ (water).
 35504 | Swamp:1  | 35504 ||| Stepping ~*~*~tactically~*~*~ (stealth).
 35507 | Swamp:1  | 35507 ||| INVOKING Berserk.
 35611 | Swamp:1  | 35611 ||| SWAPPING to +0 morningstar.
 35612 | Swamp:1  | 35612 ||| INVOKING Berserk.
 35627 | Swamp:1  | 35627 ||| SWAPPING to +0 spectral broad axe.
 35903 | Swamp:1  | 35903 ||| Stepping ~*~*~tactically~*~*~ (stealth).
 35961 | Swamp:1  | 35961 ||| Stepping ~*~*~tactically~*~*~ (hiding).
 36150 | Swamp:1  | 36150 ||| Stepping randomly (cloudy).
 36151 | Swamp:1  | 36151 ||| Stepping ~*~*~tactically~*~*~ (cloud).
 36153 | Swamp:1  | 36153 ||| Stepping ~*~*~tactically~*~*~ (cloud).
 36223 | Swamp:1  | Noticed Aizul
 36224 | Swamp:1  | 36224 ||| INVOKING Trog's Hand.
 36226 | Swamp:1  | 36226 ||| INVOKING Berserk.
 36236 | Swamp:1  | Killed Aizul
 36237 | Swamp:1  | Reached skill level 9 in Dodging
 36248 | Swamp:1  | 36248 ||| Stepping ~*~*~tactically~*~*~ (stealth).
 36260 | Swamp:1  | 36260 ||| Stepping ~*~*~tactically~*~*~ (stealth).
 36401 | Swamp:1  | Noticed Frances
 36403 | Swamp:1  | 36403 ||| Stepping ~*~*~tactically~*~*~ (hiding).
 36405 | Swamp:1  | 36405 ||| INVOKING Berserk.
 36413 | Swamp:1  | Killed Frances
 36634 | Swamp:1  | 36634 ||| READING scroll of enchant weapon.
 36634 | Swamp:1  | 36634 ||| ENCHANTING +0 spectral broad axe.
 36692 | Swamp:2  | 36692 ||| Stepping ~*~*~tactically~*~*~ (water).
 36698 | Swamp:2  | 36698 ||| INVOKING Berserk.
 36824 | Swamp:2  | 36824 ||| INVOKING Berserk.
 36835 | Swamp:2  | Reached XP level 17. HP: 179/179 MP: 16/16
 36840 | Swamp:2  | 36840 ||| INVOKING Trog's Hand.
 36851 | Swamp:2  | HP: 27/179 [spriggan berserker/+0 broad axe (25)]
 36857 | Swamp:2  | HP: 11/179 [spriggan berserker/+0 broad axe (12)]
 36858 | Swamp:2  | HP: 2/179 [spriggan berserker/+0 broad axe (11)]
 37292 | Swamp:2  | Found a runed translucent door.
 37316 | Swamp:2  | 37316 ||| Stepping ~*~*~tactically~*~*~ (water).
 37335 | Swamp:2  | 37335 ||| Stepping ~*~*~tactically~*~*~ (cloud).
 37338 | Swamp:2  | 37338 ||| FLEEEEING.
 37342 | Swamp:2  | 37342 ||| FLEEEEING.
 37343 | Swamp:2  | 37343 ||| FLEEEEING.
 37344 | Swamp:2  | 37344 ||| FLEEEEING.
 37346 | Swamp:2  | 37346 ||| FLEEEEING.
 37348 | Swamp:2  | 37348 ||| FLEEEEING.
 37349 | Swamp:2  | 37349 ||| FLEEEEING.
 37353 | Swamp:2  | 37353 ||| INVOKING Berserk.
 37372 | Swamp:2  | HP: 36/179 [poison (poison gas)]
 37373 | Swamp:2  | 37373 ||| Stepping ~*~*~tactically~*~*~ (cloud).
 37375 | Swamp:2  | HP: 15/179 [poison (poison gas)]
 37380 | Swamp:2  | HP: 6/179 [poison (poison gas)]
 37839 | Swamp:2  | 37839 ||| SWAPPING to +0 morningstar.
 37840 | Swamp:2  | 37840 ||| INVOKING Berserk.
 37851 | Swamp:2  | 37851 ||| SWAPPING to +1 spectral broad axe.
 38063 | Swamp:2  | 38063 ||| SWAPPING to +0 morningstar.
 38064 | Swamp:2  | 38064 ||| INVOKING Berserk.
 38084 | Swamp:2  | 38084 ||| SWAPPING to +1 spectral broad axe.
 38327 | Swamp:2  | 38327 ||| Stepping randomly (stuck).
 38347 | Swamp:3  | 38347 ||| Stepping ~*~*~tactically~*~*~ (hiding).
 38537 | Swamp:3  | 38537 ||| INVOKING Berserk.
 38699 | Swamp:3  | Reached skill level 6 in Throwing
 39021 | Swamp:3  | 39021 ||| INVOKING Berserk.
 39271 | Swamp:3  | Noticed a tentacled monstrosity
 39274 | Swamp:3  | 39274 ||| Stepping ~*~*~tactically~*~*~ (water).
 39275 | Swamp:3  | 39275 ||| INVOKING Berserk.
 39281 | Swamp:3  | Killed a tentacled monstrosity
 39439 | Swamp:3  | 39439 ||| Stepping ~*~*~tactically~*~*~ (hiding).
 39567 | Swamp:3  | 39567 ||| Stepping ~*~*~tactically~*~*~ (hiding).
 39570 | Swamp:3  | 39570 ||| INVOKING Berserk.
 39577 | Swamp:3  | 39577 ||| Stepping ~*~*~tactically~*~*~ (water).
 39578 | Swamp:3  | 39578 ||| SWAPPING to +0 morningstar.
 39581 | Swamp:3  | 39581 ||| SWAPPING to +1 spectral broad axe.
 39593 | Swamp:3  | 39593 ||| Stepping ~*~*~tactically~*~*~ (cloud).
 39913 | Swamp:3  | 39913 ||| Stepping ~*~*~tactically~*~*~ (hiding).
 39917 | Swamp:3  | 39917 ||| INVOKING Berserk.
 40072 | Swamp:3  | 40072 ||| SWAPPING to +0 morningstar.
 40073 | Swamp:3  | 40073 ||| INVOKING Berserk.
 40084 | Swamp:3  | 40084 ||| SWAPPING to +1 spectral broad axe.
 40198 | Swamp:3  | 40198 ||| SWAPPING to +0 morningstar.
 40200 | Swamp:3  | 40200 ||| INVOKING Berserk.
 40210 | Swamp:3  | 40210 ||| SWAPPING to +1 spectral broad axe.
 40366 | Swamp:3  | Found a runed translucent door.
 40366 | Swamp:3  | Found a shimmering altar of Xom.
 40366 | Swamp:3  | Noticed qw's ghost (adept TrCA)
 40456 | Swamp:3  | 40456 ||| DROPPING ring of fire.
 40457 | Swamp:3  | 40457 ||| PLANNING SPIDER:4
 40571 | Spider:4 | Entered Level 4 of the Spider Nest
 40571 | Spider:4 | Found the amulet of Vitality {RegenMP++ Regen++}
 40632 | Spider:4 | 40632 ||| INVOKING Brothers in Arms.
 40633 | Spider:4 | 40633 ||| INVOKING Brothers in Arms.
 40639 | Spider:4 | 40639 ||| INVOKING Brothers in Arms.
 40640 | Spider:4 | 40640 ||| INVOKING Brothers in Arms.
 40641 | Spider:4 | 40641 ||| INVOKING Brothers in Arms.
 40925 | Spider:4 | 40925 ||| Stepping ~*~*~tactically~*~*~ (stealth).
 40934 | Spider:4 | 40934 ||| Stepping ~*~*~tactically~*~*~ (stealth).
 40935 | Spider:4 | 40935 ||| Stepping ~*~*~tactically~*~*~ (stealth).
 41014 | Spider:4 | Reached skill level 20 in Shields
 41037 | Spider:4 | 41037 ||| Stepping ~*~*~tactically~*~*~ (stealth).
 41039 | Spider:4 | 41039 ||| Stepping ~*~*~tactically~*~*~ (hiding).
 41195 | Spider:4 | 41195 ||| INVOKING Brothers in Arms.
 41196 | Spider:4 | 41196 ||| INVOKING Brothers in Arms.
 41197 | Spider:4 | 41197 ||| INVOKING Brothers in Arms.
 41198 | Spider:4 | 41198 ||| INVOKING Brothers in Arms.
 41208 | Spider:4 | 41208 ||| INVOKING Berserk.
 41478 | Spider:4 | 41478 ||| INVOKING Berserk.
 41493 | Spider:4 | Reached skill level 9 in Throwing
 41610 | Spider:4 | 41610 ||| INVOKING Berserk.
 41684 | Spider:4 | 41684 ||| Stepping ~*~*~tactically~*~*~ (stealth).
 41696 | Spider:4 | 41696 ||| Stepping ~*~*~tactically~*~*~ (stealth).
 41697 | Spider:4 | 41697 ||| Stepping ~*~*~tactically~*~*~ (stealth).
 41739 | Spider:4 | 41739 ||| Stepping ~*~*~tactically~*~*~ (stealth).
 41850 | Spider:4 | 41850 ||| Stepping ~*~*~tactically~*~*~ (stealth).
 41860 | Spider:4 | 41860 ||| INVOKING Berserk.
 41923 | Spider:4 | 41923 ||| Stepping ~*~*~tactically~*~*~ (water).
 42079 | Spider:4 | 42079 ||| READING scroll of enchant armour.
 42079 | Spider:4 | 42079 ||| ENCHANTING +4 plate armour.
 42100 | Spider:4 | 42100 ||| Stepping ~*~*~tactically~*~*~ (stealth).
 42147 | Spider:4 | 42147 ||| Stepping ~*~*~tactically~*~*~ (stealth).
 42148 | Spider:4 | 42148 ||| Stepping ~*~*~tactically~*~*~ (stealth).
 42153 | Spider:4 | 42153 ||| Stepping ~*~*~tactically~*~*~ (stealth).
 42197 | Spider:4 | 42197 ||| Stepping ~*~*~tactically~*~*~ (stealth).
 42305 | Spider:4 | Found the +3 Mad Mage's Maulers {Infuse+∞ RegenMP Int-3}
 42327 | Spider:4 | Got a gossamer rune of Zot
 42424 | Spider:4 | Found a runed translucent door.
 42424 | Spider:4 | Noticed qw's ghost (adept MiBe)
 42589 | Spider:4 | 42589 ||| DROPPING scarf of invisibility.
 42590 | Spider:4 | 42590 ||| PLANNING VAULTS:1-4
 42590 | Spider:4 | 42590 ||| DROPPING scarf of shadows.
 42591 | Spider:4 | 42591 ||| DROPPING +6 ring of dexterity.
 42592 | Spider:4 | 42592 ||| UPGRADING to ring of Jyasew {rF+ rN+ Will+ Int-4
                  | SInv}.
 42878 | Vaults:1 | Entered Level 1 of the Vaults
 42903 | Vaults:1 | 42903 ||| Stepping ~*~*~tactically~*~*~ (hiding).
 42945 | Vaults:1 | 42945 ||| Stepping ~*~*~tactically~*~*~ (hiding).
 43100 | Vaults:1 | Reached skill level 18 in Armour
 43194 | Vaults:1 | 43194 ||| INVOKING Trog's Hand.
 43203 | Vaults:1 | Reached XP level 18. HP: 193/193 MP: 17/17
 43210 | Vaults:1 | 43210 ||| INVOKING Berserk.
 43285 | Vaults:1 | 43285 ||| DROPPING +0 morningstar.
 43286 | Vaults:1 | 43286 ||| Stepping ~*~*~tactically~*~*~ (stealth).
 43389 | Vaults:1 | 43389 ||| Stepping ~*~*~tactically~*~*~ (hiding).
 43394 | Vaults:1 | 43394 ||| INVOKING Trog's Hand.
 43673 | Vaults:1 | 43673 ||| Stepping ~*~*~tactically~*~*~ (stealth).
 44690 | Vaults:1 | 44690 ||| INVOKING Brothers in Arms.
 44693 | Vaults:1 | 44693 ||| INVOKING Berserk.
 44948 | Vaults:1 | 44948 ||| Stepping ~*~*~tactically~*~*~ (hiding).
 44952 | Vaults:1 | 44952 ||| Stepping ~*~*~tactically~*~*~ (hiding).
 44955 | Vaults:1 | 44955 ||| INVOKING Brothers in Arms.
 44956 | Vaults:1 | 44956 ||| INVOKING Berserk.
 45147 | Vaults:2 | 45147 ||| Stepping ~*~*~tactically~*~*~ (stealth).
 45148 | Vaults:2 | 45148 ||| Stepping ~*~*~tactically~*~*~ (stealth).
 45152 | Vaults:2 | 45152 ||| Stepping ~*~*~tactically~*~*~ (stealth).
 45154 | Vaults:2 | 45154 ||| Stepping ~*~*~tactically~*~*~ (stealth).
 45155 | Vaults:2 | 45155 ||| Stepping ~*~*~tactically~*~*~ (stealth).
 45184 | Vaults:2 | 45184 ||| INVOKING Berserk.
 45192 | Vaults:2 | 45192 ||| INVOKING Brothers in Arms.
 45193 | Vaults:2 | 45193 ||| INVOKING Brothers in Arms.
 45198 | Vaults:2 | 45198 ||| INVOKING Brothers in Arms.
 45198 | Vaults:2 | HP: 43/195 [ironbound preserver/+2 great mace of protection
                  | (9)]
 45199 | Vaults:2 | 45199 ||| READING scroll of teleportation.
 45199 | Vaults:2 | HP: 19/195 [deep troll[an ironbound preserver] (13)]
 45199 | Vaults:2 | HP: 2/195 [deep troll[an ironbound preserver] (17)]
 45199 | Vaults:2 | Slain by a deep troll

Levels and vault maps discovered:
D:1:      dpeg_arrival_shrine, layout_basic,
          hellmonk_ecumenical_altar_arch_garden
D:2:      layout_basic, minmay_misc_feat_iff
D:3:      layout_rooms, uniq_ijyb, uniq_natasha
D:4:      layout_gridville, serial_shops, nicolae_diamond_shop,
          hangedman_abyss_or_decor_slice
D:5:      layout_gridville, serial_shops, shop, nicolae_shop_waterfront,
          shop_statue, kennysheep_little_box, chequers_hall_statues_y,
          hangedman_abyss_or_decor_stabs, uniq_prince_ribbit1,
          uniq_blork_the_orc
D:6:      layout_cave_pods, elyvilon_altar_5, lemuel_tele_altar,
          minmay_temple_entry_junction, serial_shops, shop,
          corexii_leaking_fountain, uniq_sigmund, uniq_duvessa
D:7:      cheibrodos_steamvent, layout_loops_ring,
          nicolae_overflow_hidden_temple, enter_bailey_2
D:8:      layout_rooms
D:9:      layout_long_grid, mainiacjoe_overflow_paths, minitemple
D:10:     minmay_weird_star, layout_basic, lair_entry_dummy, serial_shops,
          nicolae_shop_hallway_plus, lemuel_flamethrower_1, uniq_nergalle
D:11:     layout_loops_ring, feat_on_display
D:12:     layout_rooms, orc_0_dummy
D:13:     layout_big_octagon, uniq_josephine
D:14:     layout_small_grid, skrybe_vaults_entry_preservation,
          palyth_stone_intersect, okawaru_gym_becter
D:15:     grunt_enter_depths_snipers, layout_stronghold,
          ploomutoo_gammafunk_ghost_potion_laboratory, uniq_louise
Lair:1:   layout_gridlike, lemuel_fruit_tree, wad_woods_river_01
Lair:2:   layout_gridlike, swamp_mist, spider_nest_entry_web_field,
          infiniplex_staircase_pool
Lair:3:   layout_small_grid, st_stairs_3, grunt_forest_large_clearing_hut
Lair:4:   layout_regular_city, minmay_slime_entry_jelly_boxes, st_stairs_8,
          grunt_forest_stairs_clearing, grunt_megastairs_3
Lair:5:   guppyfry_lair_end_dragon, layout_gridlike, hangedman_lair_in_review
Swamp:1:  layout_basic_swamp, evilmike_swamp_ruin_rubble_1, uniq_aizul,
          uniq_frances, uniq_nikola
Swamp:2:  gammafunk_mikee_crab_dinner, layout_falls_marsh,
          evilmike_swamp_ruin_house_5, swamp_pool1
Swamp:3:  nicolae_swamp_ascending_descending_big, layout_basic_swamp,
          ebering_ghost_xom, nicolae_swamp_feature_on_the_river_bank,
          swamp_pool3
Spider:1: layout_spider_delve, uniq_azrael
Spider:2: layout_spider_delve, drop_trap
Spider:3: layout_spider_delve, nicolae_spider_twisty_arc_passages,
          uniq_mlioglotl
Spider:4: floodkiller_spider_rune_tomb, hellmonk_ghost_happy_afterlife
Orc:1:    layout_caves, mines2_david, uniq_snorg
Orc:2:    st_orc_town, layout_caves, basic_altar, nicolae_specific_store,
          uniq_maurice
Vaults:1: v_misc_29, v_rooms_4, vaults_dpeg_emergency_exit,
          ontoclasm_vaults_fault, v_misc_30, hangedman_vaults_variations,
          v_misc_11, nicolae_vaults_little_ls, hangedman_vaults_river_flow,
          layout_vaults_chaotic_city
Vaults:2: nicolae_vaults_stairing_the_circle, hangedman_vaults_stream,
          minmay_crypt_entry_nasty_monster, ontoclasm_vaults_gallery,
          ontoclasm_vaults_twist, nicolae_vaults_mini_display_case,
          layout_vaults_omnigrid

Skill      XL: |  1  2  3  4  5  6  7  8  9 10 11 12 13 14 15 16 17 18 |
---------------+-------------------------------------------------------+-----
Axes           | 4 5 6 7 9 10 12 14 16 17 18 | 18.0
Armour         | 3 4 5 6 8 11 13 15 16 18 | 18.0
Fighting       | 4 6 8 9 12 15 17 18 19 | 19.7
Throwing       | 1 2 3 4 9 11 | 11.0
Dodging        | 3 4 6 8 9 |  9.0
Shields        | 10 15 19 20 | 20.3

Action                   |  1- 3 |  4- 6 |  7- 9 | 10-12 | 13-15 | 16-18 || total
-------------------------+-------+-------+-------+-------+-------+-------++-------
Melee: Hand axe          |   111 |    64 |   172 |       |       |       ||   347
       Headbutt          |    14 |     4 |    42 |    72 |   196 |   239 ||   567
       Punch             |     4 |       |     2 |     7 |     3 |       ||    16
       War axe           |       |       |    51 |   420 |   418 |       ||   889
       Morningstar       |       |       |       |     3 |    40 |    28 ||    71
       Broad axe         |       |       |       |       |   387 |   872 ||  1259
Throw: Boomerang         |       |    35 |    49 |       |    34 |    98 ||   216
       Javelin           |       |       |    13 |    32 |       |    81 ||   126
Invok: Berserk           |     4 |     6 |    11 |    25 |    26 |    31 ||   103
       Brothers in Arms  |       |       |       |     2 |     8 |    13 ||    23
       Trog's Hand       |       |       |       |       |     5 |     4 ||     9
  Use: Scroll            |     6 |     5 |     7 |    14 |    12 |     8 ||    52
       Potion            |     1 |     3 |     5 |     1 |     3 |     8 ||    21
 Stab: Distracted        |       |       |       |       |     6 |    19 ||    25
Armor: Animal skin       |     7 |       |       |       |       |       ||     7
       Plate armour      |    14 |    24 |   101 |   189 |   461 |   407 ||  1196
       Leather armour    |     3 |       |       |       |       |       ||     3
Dodge: Dodged            |    51 |    10 |    68 |   133 |   309 |   181 ||   752
Block: Buckler           |       |       |       |       |    67 |       ||    67
       Tower shield      |       |       |       |       |   138 |   955 ||  1093
       Kite shield       |       |       |       |       |    39 |       ||    39
       Reflection        |       |       |       |       |       |    18 ||    18

Table legend:
 A = Non-vault XP
 B = Vault XP
 C = Vault XP percentage of total XP
 D = Non-vault monster count
 E = Vault monster count
 F = Vault count percentage of total count
                 A         B        C        D         E       F
            +---------+---------+-------+---------+---------+-------
      Total |  233725 |   94482 |  28.8 |     824 |     247 |  23.1
            +---------+---------+-------+---------+---------+-------
        D:1 |      27 |       0 |   0.0 |      18 |       0 |   0.0
        D:2 |      40 |       0 |   0.0 |      16 |       0 |   0.0
        D:3 |     243 |      71 |  22.6 |      21 |       2 |   8.7
        D:4 |      81 |       0 |   0.0 |      13 |       0 |   0.0
        D:5 |     817 |     377 |  31.6 |      23 |       2 |   8.0
        D:6 |     998 |     454 |  31.3 |      30 |       3 |   9.1
        D:7 |     951 |     551 |  36.7 |      21 |       3 |  12.5
        D:8 |    2196 |       0 |   0.0 |      32 |       0 |   0.0
        D:9 |    5110 |       0 |   0.0 |      51 |       0 |   0.0
       D:10 |    2786 |     787 |  22.0 |      19 |       1 |   5.0
       D:11 |    4563 |       0 |   0.0 |      16 |       0 |   0.0
       D:12 |    5449 |       0 |   0.0 |      18 |       0 |   0.0
       D:13 |    6155 |    1544 |  20.1 |      13 |       4 |  23.5
       D:14 |   16838 |    5572 |  24.9 |      30 |       9 |  23.1
       D:15 |   13738 |    4104 |  23.0 |      25 |       4 |  13.8
     Lair:1 |    3122 |     817 |  20.7 |      13 |       4 |  23.5
     Lair:2 |    8975 |       0 |   0.0 |      35 |       0 |   0.0
     Lair:3 |    6355 |    2101 |  24.8 |      24 |       5 |  17.2
     Lair:4 |    6010 |    1784 |  22.9 |      22 |      21 |  48.8
     Lair:5 |    8405 |   14263 |  62.9 |      35 |      39 |  52.7
    Swamp:1 |   13734 |    4332 |  24.0 |      29 |       3 |   9.4
    Swamp:2 |   15406 |       0 |   0.0 |      36 |       0 |   0.0
    Swamp:3 |   15005 |       0 |   0.0 |      27 |       0 |   0.0
   Spider:1 |   20428 |    1717 |   7.8 |      48 |       5 |   9.4
   Spider:2 |   11085 |       0 |   0.0 |      25 |       0 |   0.0
   Spider:3 |   21438 |    1734 |   7.5 |      56 |       1 |   1.8
   Spider:4 |   13627 |   26055 |  65.7 |      33 |      51 |  60.7
      Orc:1 |    1169 |     951 |  44.9 |      25 |       5 |  16.7
      Orc:2 |    2787 |    6801 |  70.9 |      26 |      55 |  67.9
   Vaults:1 |   26187 |   14670 |  35.9 |      44 |      23 |  34.3
   Vaults:2 |       0 |    5797 | 100.0 |       0 |       7 | 100.0
            +---------+---------+-------+---------+---------+-------
